Workbook

Sheet Seasonal WFO
A1: Table WF01. Seasonal Average Household Consumption, Prices, and Expenditures by Heating Fuel
A2: U.S. Energy Information Administration | Short-Term Energy Outlook - October 2026
B3: Winter of | G3: Forecast | I3: 26–27 Winter Scenarios
A4: Fuel / Region | B4: 21-22 | C4: 22-23 | D4: 23-24 | E4: 24-25 | F4: 25-26 | G4: 26-27 | H4: % Change | I4: Warmer | J4: % Change | K4: Colder | L4: % Change
A5: Natural Gas
A6: Northeast
A7: Consumption (Mcf**) | B7: 56.671523 | C7: 52.185979 | D7: 52.503375 | E7: 56.341536 | F7: 60.572337 | G7: 54.553609 | H7: -0.099364303 | I7: 51.332045 | J7: -0.15254971 | K7: 58.966712 | L7: -0.026507575
A8: Price ($/mcf) | B8: 13.963869 | C8: 16.878993 | D8: 14.583308 | E8: 15.697334 | F8: 16.886408 | G8: 16.118414 | H8: -0.045480019 | I8: 16.37054 | J8: -0.030549333 | K8: 16.153961 | L8: -0.043374965
A9: Expenditures ($) | B9: 791.35371 | C9: 880.84679 | D9: 765.67291 | E9: 884.41193 | F9: 1022.8492 | G9: 879.31767 | H9: -0.14032523 | I9: 840.33328 | J9: -0.17843876 | K9: 952.54595 | L9: -0.068732775
A10: Midwest
A11: Consumption (Mcf) | B11: 61.348232 | C11: 58.513641 | D11: 53.863253 | E11: 59.384427 | F11: 60.381684 | G11: 59.033062 | H11: -0.022334949 | I11: 55.348523 | J11: -0.083355754 | K11: 64.080376 | L11: 0.061255196
A12: Price ($/mcf) | B12: 10.499804 | C12: 12.043264 | D12: 9.9029373 | E12: 10.104303 | F12: 11.265147 | G12: 10.378919 | H12: -0.078669911 | I12: 10.822519 | J12: -0.039291776 | K12: 10.175757 | L12: -0.096704474
A13: Expenditures ($) | B13: 644.14443 | C13: 704.69521 | D13: 533.40442 | E13: 600.03826 | F13: 680.20853 | G13: 612.69935 | H13: -0.099247771 | I13: 599.01045 | J13: -0.11937233 | K13: 652.06631 | L13: -0.04137293
A14: South
A15: Consumption (Mcf) | B15: 37.173649 | C15: 34.576423 | D15: 36.282197 | E15: 36.759145 | F15: 35.408825 | G15: 36.149109 | H15: 0.020906758 | I15: 34.182583 | J15: -0.034630984 | K15: 38.842981 | L15: 0.096985856
A16: Price ($/mcf) | B16: 13.740684 | C16: 15.73361 | D16: 13.725729 | E16: 14.713751 | F16: 16.919923 | G16: 14.129196 | H16: -0.16493731 | I16: 14.695789 | J16: -0.13145058 | K16: 13.828642 | L16: -0.18270064
A17: Expenditures ($) | B17: 510.79138 | C17: 544.01195 | D17: 497.99962 | E17: 540.8649 | F17: 599.11458 | G17: 510.75785 | H17: -0.14747886 | I17: 502.34002 | J17: -0.16152931 | K17: 537.14567 | L17: -0.10343416
A18: West
A19: Consumption (Mcf) | B19: 38.954115 | C19: 45.28883 | D19: 39.443078 | E19: 39.896785 | F19: 33.416159 | G19: 39.071045 | H19: 0.1692261 | I19: 36.986074 | J19: 0.10683201 | K19: 41.927169 | L19: 0.25469744
A20: Price ($/mcf) | B20: 14.049631 | C20: 17.315884 | D20: 15.676571 | E20: 15.328556 | F20: 16.496294 | G20: 15.096337 | H20: -0.08486493 | I20: 15.216075 | J20: -0.077606414 | K20: 15.186415 | L20: -0.079404397
A21: Expenditures ($) | B21: 547.29094 | C21: 784.21615 | D21: 618.33219 | E21: 611.56011 | F21: 551.24277 | G21: 589.82965 | H21: 0.069999805 | I21: 562.7829 | J21: 0.02093475 | K21: 636.7234 | L21: 0.15506895
A22: U.S. Average
A23: Consumption (Mcf) | B23: 49.096989 | C23: 48.439713 | D23: 45.748323 | E23: 48.478217 | F23: 47.678339 | G23: 47.649391 | H23: -0.00060713193 | I23: 44.877092 | J23: -0.058753034 | K23: 51.447063 | L23: 0.079044788
A24: Price ($/mcf) | B24: 12.645509 | C24: 14.995904 | D24: 12.979366 | E24: 13.380352 | F24: 14.724034 | G24: 13.441281 | H24: -0.08711967 | I24: 13.814748 | J24: -0.061755231 | K24: 13.319598 | L24: -0.095383962
A25: Expenditures ($) | B25: 620.8564 | C25: 726.39729 | D25: 593.78424 | E25: 648.6556 | F25: 702.01749 | G25: 640.46888 | H25: -0.087673908 | I25: 619.96572 | J25: -0.11687996 | K25: 685.25417 | L25: -0.023878779
A26: Heating Oil
A27: U.S. Average
A28: Consumption (gallons) | B28: 416.63686 | C28: 385.78647 | D28: 387.6609 | E28: 415.53247 | F28: 442.96133 | G28: 401.69142 | H28: -0.093168207 | I28: 376.79902 | J28: -0.14936363 | K28: 435.7906 | L28: -0.016188175
A29: Price ($/gallon) | B29: 3.9305142 | C29: 4.3090703 | D29: 3.8348739 | E29: 3.646196 | F29: 3.9396474 | G29: 5.2648709 | H29: 0.33638125 | I29: 5.2376034 | J29: 0.32945995 | K29: 5.3517844 | L29: 0.35844249
A30: Expenditures ($) | B30: 1637.5971 | C30: 1662.381 | D30: 1486.6306 | E30: 1515.1128 | F30: 1745.1115 | G30: 2114.8535 | H30: 0.21187301 | I30: 1973.5238 | J30: 0.13088698 | K30: 2332.2573 | L30: 0.33645179
A31: Electricity
A32: Northeast
A33: Consumption (kWh***) | B33: 6400.3963 | C33: 6081.5944 | D33: 6121.2002 | E33: 6378.8564 | F33: 6682.7939 | G33: 6252.2325 | H33: -0.064428356 | I33: 6022.3148 | J33: -0.09883279 | K33: 6567.1883 | L33: -0.017298994
A34: Price (cents/kWh) | B34: 18.636744 | C34: 22.145013 | D34: 21.886535 | E34: 23.093645 | F34: 25.213421 | G34: 26.188483 | H34: 0.038672337 | I34: 26.286949 | J34: 0.042577641 | K34: 26.090413 | L34: 0.034782717
A35: Expenditures ($) | B35: 1192.8255 | C35: 1346.7699 | D35: 1339.7186 | E35: 1473.1105 | F35: 1684.961 | G35: 1637.3649 | H35: -0.028247614 | I35: 1583.0828 | J35: -0.060463216 | K35: 1713.4065 | L35: 0.016882018
A36: Midwest
A37: Consumption (kWh) | B37: 8379.7279 | C37: 8173.5591 | D37: 7721.5095 | E37: 8205.4413 | F37: 8242.7282 | G37: 8178.4404 | H37: -0.0077993332 | I37: 7845.7873 | J37: -0.048156498 | K37: 8634.1297 | L37: 0.047484454
A38: Price (cents/kWh) | B38: 13.125936 | C38: 14.408511 | D38: 14.608867 | E38: 15.037267 | F38: 16.247882 | G38: 16.870302 | H38: 0.038307747 | I38: 16.98826 | J38: 0.045567658 | K38: 16.752222 | L38: 0.031040367
A39: Expenditures ($) | B39: 1099.9177 | C39: 1177.6881 | D39: 1128.0251 | E39: 1233.8741 | F39: 1339.2688 | G39: 1379.7276 | H39: 0.030209639 | I39: 1332.8627 | J39: -0.004783219 | K39: 1446.4086 | L39: 0.079998756
A40: South
A41: Consumption (kWh) | B41: 6933.8103 | C41: 6648.5387 | D41: 6867.0035 | E41: 6932.2727 | F41: 6859.9721 | G41: 6848.8814 | H41: -0.0016167276 | I41: 6634.2109 | J41: -0.032909925 | K41: 7142.9505 | L41: 0.041250666
A42: Price (cents/kWh) | B42: 12.221711 | C42: 13.721323 | D42: 13.91803 | E42: 14.29871 | F42: 15.217071 | G42: 15.753513 | H42: 0.035252674 | I42: 15.863863 | J42: 0.042504367 | K42: 15.643343 | L42: 0.028012767
A43: Expenditures ($) | B43: 847.43025 | C43: 912.26745 | D43: 955.75162 | E43: 991.22555 | F43: 1043.8868 | G43: 1078.9395 | H43: 0.033578952 | I43: 1052.4421 | J43: 0.0081956263 | K43: 1117.3963 | L43: 0.070418978
A44: West
A45: Consumption (kWh) | B45: 5615.4768 | C45: 6126.7793 | D45: 5658.4456 | E45: 5683.6544 | F45: 5167.6525 | G45: 5623.9587 | H45: 0.088300479 | I45: 5455.0898 | J45: 0.055622408 | K45: 5855.286 | L45: 0.13306496
A46: Price (cents/kWh) | B46: 15.590261 | C46: 16.819194 | D46: 18.524179 | E46: 19.055573 | F46: 20.360478 | G46: 20.46925 | H46: 0.0053422887 | I46: 20.501893 | J46: 0.0069455553 | K46: 20.436387 | L46: 0.0037282692
A47: Expenditures ($) | B47: 875.4675 | C47: 1030.4749 | D47: 1048.1806 | E47: 1083.0529 | F47: 1052.1588 | G47: 1151.1821 | H47: 0.094114495 | I47: 1118.3967 | J47: 0.062954292 | K47: 1196.6089 | L47: 0.13728933
A48: U.S. Average
A49: Consumption (kWh) | B49: 6618.3818 | C49: 6559.4775 | D49: 6484.196 | E49: 6621.3799 | F49: 6502.9362 | G49: 6562.1783 | H49: 0.0091100606 | I49: 6344.7516 | J49: -0.024325095 | K49: 6860.0231 | L49: 0.054911644
A50: Price (cents/kWh) | B50: 13.897424 | C50: 15.568991 | D50: 15.968881 | E50: 16.457493 | F50: 17.684362 | G50: 18.226049 | H50: 0.030630889 | I50: 18.338065 | J50: 0.036965028 | K50: 18.113938 | L50: 0.024291339
A51: Expenditures ($) | B51: 919.7846 | C51: 1021.2445 | D51: 1035.4536 | E51: 1089.7131 | F51: 1150.0027 | G51: 1196.0259 | H51: 0.040019999 | I51: 1163.5046 | J51: 0.011740755 | K51: 1242.6204 | L51: 0.08053686
A52: Propane
A53: Northeast
A54: Consumption (gallons) | B54: 533.05503 | C54: 492.82774 | D54: 497.88922 | E54: 531.58849 | F54: 569.72098 | G54: 514.96102 | H54: -0.096117162 | I54: 485.86952 | J54: -0.14717988 | K54: 554.81239 | L54: -0.026168234
A55: Price * ($/gallon) | B55: 3.4833391 | C55: 3.3945693 | D55: 3.33892 | E55: 3.527689 | F55: 3.4728915 | G55: 3.2766676 | H55: -0.056501586 | I55: 3.2222345 | J55: -0.072175297 | K55: 3.3662057 | L55: -0.030719588
A56: Expenditures ($) | B56: 1856.8115 | C56: 1672.9379 | D56: 1662.4123 | E56: 1875.2789 | F56: 1978.5792 | G56: 1687.3561 | H56: -0.14718798 | I56: 1565.5855 | J56: -0.20873243 | K56: 1867.6126 | L56: -0.056083945
A57: Midwest
A58: Consumption (gallons) | B58: 664.32623 | C58: 640.67609 | D58: 586.7221 | E58: 644.8478 | F58: 648.14224 | G58: 641.22645 | H58: -0.010670171 | I58: 602.61845 | J58: -0.070237337 | K58: 694.11411 | L58: 0.070928687
A59: Price * ($/gallon) | B59: 2.4289161 | C59: 2.2836689 | D59: 2.0489524 | E59: 2.1374281 | F59: 2.1053311 | G59: 2.035877 | H59: -0.032989623 | I59: 1.9811627 | J59: -0.058978095 | K59: 2.1215643 | L59: 0.0077105564
A60: Expenditures ($) | B60: 1613.5927 | C60: 1463.0921 | D60: 1202.1657 | E60: 1378.3158 | F60: 1364.554 | G60: 1305.4582 | H60: -0.043307789 | I60: 1193.8852 | J60: -0.12507297 | K60: 1472.6078 | L60: 0.079186144
A61: South
A62: Consumption (gallons) | B62: 372.99281 | C62: 347.41963 | D62: 365.61488 | E62: 372.22247 | F62: 364.34209 | G62: 365.20252 | H62: 0.0023615981 | I62: 346.02434 | J62: -0.050276238 | K62: 391.474 | L62: 0.074468223
A63: Price * ($/gallon) | B63: 3.2421472 | C63: 3.1842016 | D63: 3.1549006 | E63: 3.2613266 | F63: 3.2052067 | G63: 3.1864123 | H63: -0.0058637009 | I63: 3.1511808 | J63: -0.016855671 | K63: 3.242468 | L63: 0.011625255
A64: Expenditures ($) | B64: 1209.2976 | C64: 1106.2542 | D64: 1153.4786 | E64: 1213.939 | F64: 1167.7917 | G64: 1163.6858 | H64: -0.0035159504 | I64: 1090.3853 | J64: -0.066284469 | K64: 1269.3419 | L64: 0.086959189
A65: U.S. Average
A66: Consumption (gallons) | B66: 507.13232 | C66: 493.31466 | D66: 472.88878 | E66: 502.32581 | F66: 498.21813 | G66: 494.44588 | H66: -0.0075714907 | I66: 466.10694 | J66: -0.064452078 | K66: 532.67432 | L66: 0.069158846
A67: Price * ($/gallon) | B67: 2.7948568 | C67: 2.6891086 | D67: 2.5293075 | E67: 2.6365143 | F67: 2.5829549 | G67: 2.5202504 | H67: -0.024276252 | I67: 2.469639 | J67: -0.04387066 | K67: 2.6004884 | L67: 0.0067881353
A68: Expenditures ($) | B68: 1417.3622 | C68: 1326.5767 | D68: 1196.0811 | E68: 1324.3892 | F68: 1286.875 | G68: 1246.1274 | H68: -0.031663935 | I68: 1151.1159 | J68: -0.10549518 | K68: 1385.2134 | L68: 0.076416441
A69: Number of households by primary space heating fuel (thousands)
A70: Northeast
A71: Natural gas | B71: 11875.348 | C71: 11849.183 | D71: 12071.612 | E71: 12296.859 | F71: 12365.47 | G71: 12393.009 | H71: 0.0022271315 | I71: - | J71: - | K71: - | L71: -
A72: Heating oil | B72: 4135.7368 | C72: 4008.8818 | D72: 3842.4148 | E72: 3688.7448 | F72: 3550.7174 | G72: 3388.2802 | H72: -0.045747722 | I72: - | J72: - | K72: - | L72: -
A73: Propane | B73: 1217.2327 | C73: 1249.65 | D73: 1214.3931 | E73: 1209.4976 | F73: 1262.2469 | G73: 1295.2695 | H73: 0.026161817 | I73: - | J73: - | K73: - | L73: -
A74: Electricity | B74: 3914.1962 | C74: 4107.7578 | D74: 4270.1391 | E74: 4312.5128 | F74: 4411.6412 | G74: 4538.3394 | H74: 0.028719067 | I74: - | J74: - | K74: - | L74: -
A75: Wood | B75: 377.74319 | C75: 390.66658 | D75: 392.69758 | E75: 377.53402 | F75: 363.59833 | G75: 344.66332 | H75: -0.052076717 | I75: - | J75: - | K75: - | L75: -
A76: Other/None | B76: 553.08694 | C76: 550.70529 | D76: 518.01684 | E76: 552.06922 | F76: 612.8211 | G76: 639.27678 | H76: 0.043170318 | I76: - | J76: - | K76: - | L76: -
A77: Midwest
A78: Natural gas | B78: 17832.763 | C78: 17786.026 | D78: 18039.017 | E78: 18153.542 | F78: 18093.502 | G78: 18077.26 | H78: -0.00089769709 | I78: - | J78: - | K78: - | L78: -
A79: Heating oil | B79: 229.25282 | C79: 216.25218 | D79: 204.83012 | E79: 194.50394 | F79: 184.73767 | G79: 174.34456 | H79: -0.056258767 | I79: - | J79: - | K79: - | L79: -
A80: Propane | B80: 2224.547 | C80: 2265.8046 | D80: 2195.6186 | E80: 2162.4993 | F80: 2192.5175 | G80: 2190.7721 | H80: -0.00079608428 | I80: - | J80: - | K80: - | L80: -
A81: Electricity | B81: 6409.8425 | C81: 6548.5698 | D81: 6640.9145 | E81: 6833.3821 | F81: 7086.3411 | G81: 7244.5452 | H81: 0.022325218 | I81: - | J81: - | K81: - | L81: -
A82: Wood | B82: 414.43075 | C82: 418.05339 | D82: 403.78069 | E82: 400.4324 | F82: 402.41939 | G82: 387.17604 | H82: -0.037879263 | I82: - | J82: - | K82: - | L82: -
A83: Other/None | B83: 382.43257 | C83: 382.1376 | D83: 351.32432 | E83: 370.54663 | F83: 406.19856 | G83: 414.73148 | H83: 0.021006768 | I83: - | J83: - | K83: - | L83: -
A84: South
A85: Natural gas | B85: 14291.143 | C85: 14394.037 | D85: 14804.495 | E85: 14991.628 | F85: 14957.202 | G85: 15023.764 | H85: 0.0044501129 | I85: - | J85: - | K85: - | L85: -
A86: Heating oil | B86: 491.4981 | C86: 461.69179 | D86: 436.13094 | E86: 437.92211 | F86: 434.32873 | G86: 410.99456 | H86: -0.053724674 | I86: - | J86: - | K86: - | L86: -
A87: Propane | B87: 1895.4924 | C87: 1949.1589 | D87: 1879.3319 | E87: 1871.4531 | F87: 1919.3352 | G87: 1900.9145 | H87: -0.0095974602 | I87: - | J87: - | K87: - | L87: -
A88: Electricity | B88: 32515.429 | C88: 33052.529 | D88: 33485.02 | E88: 34016.779 | F88: 34563.244 | G88: 34888.46 | H88: 0.0094093061 | I88: - | J88: - | K88: - | L88: -
A89: Wood | B89: 376.6035 | C89: 375.20378 | D89: 364.85068 | E89: 361.54544 | F89: 355.79315 | G89: 341.26172 | H89: -0.040842355 | I89: - | J89: - | K89: - | L89: -
A90: Other/None | B90: 697.24232 | C90: 765.74114 | D90: 771.38407 | E90: 767.71538 | F90: 825.75001 | G90: 900.588 | H90: 0.090630327 | I90: - | J90: - | K90: - | L90: -
A91: West
A92: Natural gas | B92: 15115.112 | C92: 15280.757 | D92: 15588.243 | E92: 15618.314 | F92: 15528.163 | G92: 15468.008 | H92: -0.0038739459 | I92: - | J92: - | K92: - | L92: -
A93: Heating oil | B93: 192.98543 | C93: 190.69689 | D93: 185.13856 | E93: 174.70689 | F93: 167.34576 | G93: 160.80316 | H93: -0.039096307 | I93: - | J93: - | K93: - | L93: -
A94: Propane | B94: 1059.2598 | C94: 1083.146 | D94: 998.77569 | E94: 959.56107 | F94: 981.9493 | G94: 973.87018 | H94: -0.0082276341 | I94: - | J94: - | K94: - | L94: -
A95: Electricity | B95: 10485.427 | C95: 10549.289 | D95: 10688.697 | E95: 10867.867 | F95: 11054.732 | G95: 11208.186 | H95: 0.013881277 | I95: - | J95: - | K95: - | L95: -
A96: Wood | B96: 575.75728 | C96: 567.5785 | D96: 554.63734 | E96: 563.87809 | F96: 563.32477 | G96: 549.09474 | H96: -0.025260796 | I96: - | J96: - | K96: - | L96: -
A97: Other/None | B97: 1124.9264 | C97: 1139.1 | D97: 1147.6628 | E97: 1254.1688 | F97: 1363.9328 | G97: 1437.6042 | H97: 0.054014004 | I97: - | J97: - | K97: - | L97: -
A98: U.S.Totals
A99: Natural gas | B99: 59114.366 | C99: 59310.003 | D99: 60503.366 | E99: 61060.343 | F99: 60944.337 | G99: 60962.04 | H99: 0.00029047847 | I99: - | J99: - | K99: - | L99: -
A100: Heating oil | B100: 5049.4731 | C100: 4877.5227 | D100: 4668.5144 | E100: 4495.8778 | F100: 4337.1296 | G100: 4134.4225 | H100: -0.046737621 | I100: - | J100: - | K100: - | L100: -
...

Sheet Monthly WFO
A1: Table WF02. Monthly Average Household Consumption, Prices, and Expenditures by Heating Fuel
A2: ='Seasonal WFO'!A2 -> U.S. Energy Information Administration | Short-Term Energy Outlook - October 2026
B3: Winter of 25-26 | H3: Winter of 26-27
A4: Fuel / Region | B4: Nov | C4: Dec | D4: Jan | E4: Feb | F4: Mar | G4: 25-26 | H4: Nov | I4: Dec | J4: Jan | K4: Feb | L4: Mar | M4: 26-27 | N4: % Change
A5: Natural Gas
A6: Northeast
A7: Consumption (Mcf**) | B7: 9.2642018 | C7: 13.622529 | D7: 14.950443 | E7: 13.109529 | F7: 9.625635 | G7: 60.572337 | H7: 8.5246724 | I7: 11.492768 | J7: 13.056598 | K7: 11.248178 | L7: 10.231392 | M7: 54.553609 | N7: -0.099364303
A8: Heating | B8: 7.1934894 | C8: 11.482793 | D8: 12.810707 | E8: 11.176864 | F8: 7.4858988 | G8: 50.149752 | H8: 6.45396 | I8: 9.3530323 | J8: 10.916862 | K8: 9.3155132 | L8: 8.0916559 | M8: 44.131024 | N8: -0.12001511
A9: Non-Heating | B9: 2.0707124 | C9: 2.1397362 | D9: 2.1397362 | E9: 1.9326649 | F9: 2.1397362 | G9: 10.422586 | H9: 2.0707124 | I9: 2.1397362 | J9: 2.1397362 | K9: 1.9326649 | L9: 2.1397362 | M9: 10.422586 | N9: 2.220446e-16
A10: Price ($/mcf) | B10: 17.307239 | C10: 16.431361 | D10: 16.381035 | E10: 16.517642 | F10: 18.412555 | G10: 16.886408 | H10: 17.346733 | I10: 16.095926 | J10: 15.741744 | K10: 15.609771 | L10: 16.160127 | M10: 16.118414 | N10: -0.045480019
A11: Expenditures ($) | B11: 160.33776 | C11: 223.83668 | D11: 244.90374 | E11: 216.5385 | F11: 177.23254 | G11: 1022.8492 | H11: 147.87521 | I11: 184.98675 | J11: 205.53363 | K11: 175.58149 | L11: 165.34059 | M11: 879.31767 | N11: -0.14032523
A12: Heating | B12: 124.49944 | C12: 188.67791 | D12: 209.85264 | E12: 184.61543 | F12: 137.83453 | G12: 845.47995 | H12: 111.95512 | I12: 150.54571 | J12: 171.85045 | K12: 145.41303 | L12: 130.76218 | M12: 710.52649 | N12: -0.15961758
A13: Non-Heating | B13: 35.838315 | C13: 35.158777 | D13: 35.051094 | E13: 31.923068 | F13: 39.39801 | G13: 177.36926 | H13: 35.920095 | I13: 34.441034 | J13: 33.683179 | K13: 30.168457 | L13: 34.578407 | M13: 168.79117 | N13: -0.048362896
A14: Midwest
A15: Consumption (Mcf) | B15: 9.4163237 | C15: 14.259043 | D15: 16.146578 | E15: 11.744692 | F15: 8.8150467 | G15: 60.381684 | H15: 9.3231676 | I15: 12.907785 | J15: 14.475083 | K15: 12.076152 | L15: 10.250873 | M15: 59.033062 | N15: -0.022334949
A16: Heating | B16: 7.7156763 | C16: 12.501708 | D16: 14.389242 | E16: 10.157421 | F16: 7.057711 | G16: 51.821759 | H16: 7.6225202 | I16: 11.15045 | J16: 12.717748 | K16: 10.488882 | L16: 8.4935378 | M16: 50.473137 | N16: -0.026024239
A17: Non-Heating | B17: 1.7006475 | C17: 1.7573357 | D17: 1.7573357 | E17: 1.587271 | F17: 1.7573357 | G17: 8.5599256 | H17: 1.7006475 | I17: 1.7573357 | J17: 1.7573357 | K17: 1.587271 | L17: 1.7573357 | M17: 8.5599256 | N17: 2.220446e-16
A18: Price ($/mcf) | B18: 11.354424 | C18: 10.494063 | D18: 10.639255 | E18: 12.246698 | F18: 12.255754 | G18: 11.265147 | H18: 11.182036 | I18: 10.050463 | J18: 9.7415081 | K18: 10.590599 | L18: 10.712775 | M18: 10.378919 | N18: -0.078669911
A19: Expenditures ($) | B19: 106.91693 | C19: 149.63529 | D19: 171.78755 | E19: 143.83371 | F19: 108.03504 | G19: 680.20853 | H19: 104.252 | I19: 129.72922 | J19: 141.00914 | K19: 127.89369 | L19: 109.8153 | M19: 612.69935 | N19: -0.099247771
A20: Heating | B20: 87.607062 | C20: 131.1937 | D20: 153.09081 | E20: 124.39488 | F20: 86.497571 | G20: 582.78402 | H20: 85.235297 | I20: 112.06718 | J20: 123.89004 | K20: 111.08354 | L20: 90.989362 | M20: 523.26542 | N20: -0.10212806
A21: Non-Heating | B21: 19.309873 | C21: 18.441591 | D21: 18.696742 | E21: 19.438829 | F21: 21.537474 | G21: 97.424509 | H21: 19.016702 | I21: 17.662038 | J21: 17.1191 | K21: 16.81015 | L21: 18.825943 | M21: 89.433932 | N21: -0.08201814
A22: South
A23: Consumption (Mcf) | B23: 5.2673509 | C23: 8.4563302 | D23: 10.295707 | E23: 7.1426198 | F23: 4.2468178 | G23: 35.408825 | H23: 5.7581441 | I23: 8.2945785 | J23: 9.1509429 | K23: 7.1560163 | L23: 5.7894272 | M23: 36.149109 | N23: 0.020906758
A24: Heating | B24: 3.4374713 | C24: 6.5654546 | D24: 8.4048309 | E24: 5.4347322 | F24: 2.3559422 | G24: 26.198431 | H24: 3.9282645 | I24: 6.4037029 | J24: 7.2600673 | K24: 5.4481287 | L24: 3.8985515 | M24: 26.938715 | N24: 0.028256796
A25: Non-Heating | B25: 1.8298796 | C25: 1.8908756 | D25: 1.8908756 | E25: 1.7078876 | F25: 1.8908756 | G25: 9.2103941 | H25: 1.8298796 | I25: 1.8908756 | J25: 1.8908756 | K25: 1.7078876 | L25: 1.8908756 | M25: 9.2103941 | N25: 2.220446e-16
A26: Price ($/mcf) | B26: 19.241252 | C26: 16.056548 | D26: 15.467232 | E26: 16.264947 | F26: 20.383326 | G26: 16.919923 | H26: 16.431814 | I26: 13.939367 | J26: 12.744445 | K26: 13.419992 | L26: 15.176382 | M26: 14.129196 | N26: -0.16493731
A27: Expenditures ($) | B27: 101.35042 | C27: 135.77947 | D27: 159.24608 | E27: 116.17434 | F27: 86.564273 | G27: 599.11458 | H27: 94.616753 | I27: 115.62117 | J27: 116.62369 | K27: 96.03368 | L27: 87.862558 | M27: 510.75785 | N27: -0.14747886
A28: Heating | B28: 66.14125 | C28: 105.41854 | D28: 129.99947 | E28: 88.395633 | F28: 48.021939 | G28: 437.97683 | H28: 64.548512 | I28: 89.263565 | J28: 92.525526 | K28: 73.113842 | L28: 59.165907 | M28: 378.61735 | N28: -0.13553109
A29: Non-Heating | B29: 35.209174 | C29: 30.360934 | D29: 29.246612 | E29: 27.778703 | F29: 38.542334 | G29: 161.13776 | H29: 30.068241 | I29: 26.357609 | J29: 24.09816 | K29: 22.919838 | L29: 28.69665 | M29: 132.1405 | N29: -0.17995322
A30: West
A31: Consumption (Mcf) | B31: 6.0639083 | C31: 7.4124614 | D31: 8.2395389 | E31: 6.5509801 | F31: 5.1492702 | G31: 33.416159 | H31: 6.8358499 | I31: 8.9702302 | J31: 8.7832443 | K31: 7.4750306 | L31: 7.0066899 | M31: 39.071045 | N31: 0.1692261
A32: Heating | B32: 3.9758677 | C32: 5.2548194 | D32: 6.081897 | E32: 4.6021422 | F32: 2.9916283 | G32: 22.906355 | H32: 4.7478093 | I32: 6.8125883 | J32: 6.6256024 | K32: 5.5261927 | L32: 4.8490479 | M32: 28.561241 | N32: 0.24686975
A33: Non-Heating | B33: 2.0880406 | C33: 2.1576419 | D33: 2.1576419 | E33: 1.9488379 | F33: 2.1576419 | G33: 10.509804 | H33: 2.0880406 | I33: 2.1576419 | J33: 2.1576419 | K33: 1.9488379 | L33: 2.1576419 | M33: 10.509804 | N33: -2.220446e-16
A34: Price ($/mcf) | B34: 16.42604 | C34: 17.13434 | D34: 16.291961 | E34: 16.442349 | F34: 16.056135 | G34: 16.496294 | H34: 15.040423 | I34: 15.264228 | J34: 14.965026 | K34: 15.156991 | L34: 15.035843 | M34: 15.096337 | N34: -0.08486493
A35: Expenditures ($) | B35: 99.606 | C35: 127.00764 | D35: 134.23825 | E35: 107.7135 | F35: 82.67738 | G35: 551.24277 | H35: 102.81407 | I35: 136.92364 | J35: 131.44148 | K35: 113.29897 | L35: 105.35149 | M35: 589.82965 | N35: 0.069999805
A36: Heating | B36: 65.307762 | C36: 90.037865 | D36: 99.086028 | E36: 75.67003 | F36: 48.033989 | G36: 378.13567 | H36: 71.409059 | I36: 103.9889 | J36: 99.152316 | K36: 83.760454 | L36: 72.909521 | M36: 431.22025 | N36: 0.140385
A37: Non-Heating | B37: 34.298238 | C37: 36.969772 | D37: 35.152218 | E37: 32.043473 | F37: 34.643391 | G37: 173.10709 | H37: 31.405013 | I37: 32.934738 | J37: 32.289169 | K37: 29.538518 | L37: 32.441964 | M37: 158.6094 | N37: -0.08374983
A38: U.S. Average
A39: Consumption (Mcf) | B39: 7.5846287 | C39: 10.997844 | D39: 12.446715 | E39: 9.6215949 | F39: 7.0275557 | G39: 47.678339 | H39: 7.7019228 | I39: 10.516588 | J39: 11.450189 | K39: 9.5758603 | L39: 8.404832 | M39: 47.649391 | N39: -0.00060713193
A40: Heating | B40: 5.6629044 | C40: 9.0120619 | D40: 10.460934 | E40: 7.8279855 | F40: 5.0417738 | G40: 38.005659 | H40: 5.7801985 | I40: 8.5308057 | J40: 9.4644069 | K40: 7.7822509 | L40: 6.4190502 | M40: 37.976712 | N40: -0.00076165083
A41: Non-Heating | B41: 1.9217244 | C41: 1.9857819 | D41: 1.9857819 | E41: 1.7936094 | F41: 1.9857819 | G41: 9.6726794 | H41: 1.9217244 | I41: 1.9857819 | J41: 1.9857819 | K41: 1.7936094 | L41: 1.9857819 | M41: 9.6726794 | N41: 0
A42: Price ($/mcf) | B42: 15.231307 | C42: 14.201881 | D42: 13.973178 | E42: 14.947548 | F42: 16.017547 | G42: 14.724034 | H42: 14.43695 | I42: 13.32436 | J42: 12.70758 | K42: 13.32643 | L42: 13.80558 | M42: 13.441281 | N42: -0.08711967
A43: Expenditures ($) | B43: 115.52381 | C43: 156.19007 | D43: 173.92017 | E43: 143.81925 | F43: 112.5642 | G43: 702.01749 | H43: 111.19227 | I43: 140.1268 | J43: 145.50419 | K43: 127.61203 | L43: 116.03358 | M43: 640.46888 | N43: -0.087673908
A44: Heating | B44: 86.253432 | C44: 127.98823 | D44: 146.17248 | E44: 117.00919 | F44: 80.756848 | G44: 558.18018 | H44: 83.448436 | I44: 113.66753 | J44: 120.26971 | K44: 103.70962 | L44: 88.618711 | M44: 509.714 | N44: -0.086828917
A45: Non-Heating | B45: 29.270373 | C45: 28.201838 | D45: 27.747683 | E45: 26.810063 | F45: 31.807354 | G45: 143.83731 | H45: 27.743839 | I45: 26.459272 | J45: 25.234482 | K45: 23.90241 | L45: 27.41487 | M45: 130.75487 | N45: -0.090953011
A46: Heating Oil
A47: U.S. Average
A48: Consumption (gallons) | B48: 67.267145 | C48: 99.863876 | D48: 110.14583 | E48: 95.910065 | F48: 69.774419 | G48: 442.96133 | H48: 62.193457 | I48: 85.224729 | J48: 96.839041 | K48: 82.895304 | L48: 74.538887 | M48: 401.69142 | N48: -0.093168207
A49: Heating | B49: 55.207613 | C49: 87.40236 | D49: 97.684311 | E49: 84.654502 | F49: 57.312903 | G49: 382.26169 | H49: 50.133926 | I49: 72.763213 | J49: 84.377525 | K49: 71.639741 | L49: 62.077371 | M49: 340.99178 | N49: -0.10796246
A50: Non-Heating | B50: 12.059532 | C50: 12.461516 | D50: 12.461516 | E50: 11.255563 | F50: 12.461516 | G50: 60.699642 | H50: 12.059532 | I50: 12.461516 | J50: 12.461516 | K50: 11.255563 | L50: 12.461516 | M50: 60.699642 | N50: 2.220446e-16
A51: Price ($/gallon) | B51: 3.727 | C51: 3.66 | D51: 3.579 | E51: 3.99 | F51: 5.045 | G51: 3.9396474 | H51: 5.791571 | I51: 5.455083 | J51: 5.256054 | K51: 5.062226 | L51: 4.844742 | M51: 5.2648709 | N51: 0.33638125
A52: Expenditures ($) | B52: 250.70465 | C52: 365.50179 | D52: 394.21191 | E52: 382.68116 | F52: 352.01195 | G52: 1745.1115 | H52: 360.19782 | I52: 464.90797 | J52: 508.99123 | K52: 419.63476 | L52: 361.12168 | M52: 2114.8535 | N52: 0.21187301
A53: Heating | B53: 205.75877 | C53: 319.89264 | D53: 349.61215 | E53: 337.77146 | F53: 289.1436 | G53: 1502.1786 | H53: 290.35419 | I53: 396.92937 | J53: 443.49283 | K53: 362.65656 | L53: 300.74885 | M53: 1794.1818 | N53: 0.19438645
A54: Non-Heating | B54: 44.945874 | C54: 45.609148 | D54: 44.599765 | E54: 44.909695 | F54: 62.868348 | G54: 242.93283 | H54: 69.843633 | I54: 67.978603 | J54: 65.4984 | K54: 56.978202 | L54: 60.372829 | M54: 320.67167 | N54: 0.32000137
A55: Electricity
A56: Northeast
A57: Consumption (kWh***) | B57: 1130.2865 | C57: 1455.6081 | D57: 1549.5025 | E57: 1373.139 | F57: 1174.2579 | G57: 6682.7939 | H57: 1077.0884 | I57: 1304.2001 | J57: 1415.76 | K57: 1240.0806 | L57: 1215.1034 | M57: 6252.2325 | N57: -0.064428356
A58: Heating | B58: 513.86109 | C58: 818.63521 | D58: 912.52958 | E58: 797.8087 | F58: 537.28501 | G58: 3580.1196 | H58: 460.66307 | I58: 667.2272 | J58: 778.78707 | K58: 664.75028 | L58: 578.13052 | M58: 3149.5582 | N58: -0.12026454
A59: Non-Heating | B59: 616.42537 | C59: 636.97288 | D59: 636.97288 | E59: 575.33035 | F59: 636.97288 | G59: 3102.6744 | H59: 616.42537 | I59: 636.97288 | J59: 636.97288 | K59: 575.33035 | L59: 636.97288 | M59: 3102.6744 | N59: -1.110223e-16
A60: Price (cents/kWh) | B60: 24.585626 | C60: 24.626308 | D60: 25.165111 | E60: 25.907633 | F60: 25.797454 | G60: 25.213421 | H60: 25.720822 | I60: 25.737284 | J60: 26.179694 | K60: 26.780456 | L60: 26.493409 | M60: 26.188483 | N60: 0.038672337
A61: Expenditures ($) | B61: 277.888 | C61: 358.46253 | D61: 389.93401 | E61: 355.74782 | F61: 302.92864 | G61: 1684.961 | H61: 277.03601 | I61: 335.66568 | J61: 370.64162 | K61: 332.09925 | L61: 321.92232 | M61: 1637.3649 | N61: -0.028247614
A62: Heating | B62: 126.33596 | C62: 201.59963 | D62: 229.63908 | E62: 206.69335 | F62: 138.60585 | G62: 902.87387 | H62: 118.48633 | I62: 171.72616 | J62: 203.88407 | K62: 178.02316 | L62: 153.16648 | M62: 825.2862 | N62: -0.085934114
A63: Non-Heating | B63: 151.55204 | C63: 156.8629 | D63: 160.29493 | E63: 149.05447 | F63: 164.32278 | G63: 782.08713 | H63: 158.54967 | I63: 163.93952 | J63: 166.75755 | K63: 154.07609 | L63: 168.75583 | M63: 812.07867 | N63: 0.038348079
A64: Midwest
A65: Consumption (kWh) | B65: 1406.4906 | C65: 1862.4941 | D65: 2030.8444 | E65: 1568.1227 | F65: 1374.7764 | G65: 8242.7282 | H65: 1409.9125 | I65: 1754.2746 | J65: 1892.9612 | K65: 1616.4569 | L65: 1504.8353 | M65: 8178.4404 | N65: -0.0077993332
A66: Heating | B66: 686.97774 | C66: 1118.9975 | D66: 1287.3478 | E66: 896.57738 | F66: 631.27976 | G66: 4621.1801 | H66: 690.39962 | I66: 1010.778 | J66: 1149.4646 | K66: 944.91152 | L66: 761.33866 | M66: 4556.8923 | N66: -0.013911551
A67: Non-Heating | B67: 719.51287 | C67: 743.49663 | D67: 743.49663 | E67: 671.54534 | F67: 743.49663 | G67: 3621.5481 | H67: 719.51287 | I67: 743.49663 | J67: 743.49663 | K67: 671.54534 | L67: 743.49663 | M67: 3621.5481 | N67: 0
A68: Price (cents/kWh) | B68: 16.728313 | C68: 15.787712 | D68: 15.753934 | E68: 16.183391 | F68: 17.18302 | G68: 16.247882 | H68: 17.436458 | I68: 16.481542 | J68: 16.43387 | K68: 16.64296 | L68: 17.586259 | M68: 16.870302 | N68: 0.038307747
A69: Expenditures ($) | B69: 235.28215 | C69: 294.04519 | D69: 319.93789 | E69: 253.77543 | F69: 236.2281 | G69: 1339.2688 | H69: 245.8388 | I69: 289.13151 | J69: 311.08678 | K69: 269.02627 | L69: 264.64423 | M69: 1379.7276 | N69: 0.030209639
A70: Heating | B70: 114.91978 | C70: 176.66409 | D70: 202.80792 | E70: 145.09662 | F70: 108.47293 | G70: 747.96135 | H70: 120.38124 | I70: 166.5918 | J70: 188.90151 | K70: 157.26125 | L70: 133.89099 | M70: 767.02679 | N70: 0.025489872
A71: Non-Heating | B71: 120.36236 | C71: 117.3811 | D71: 117.12997 | E71: 108.67881 | F71: 127.75518 | G71: 591.30742 | H71: 125.45756 | I71: 122.53971 | J71: 122.18527 | K71: 111.76502 | L71: 130.75324 | M71: 612.7008 | N71: 0.036179804
A72: South
A73: Consumption (kWh) | B73: 1172.3509 | C73: 1534.837 | D73: 1720.8211 | E73: 1355.426 | F73: 1076.5372 | G73: 6859.9721 | H73: 1206.9259 | I73: 1493.5379 | J73: 1589.034 | K73: 1321.8789 | L73: 1237.5047 | M73: 6848.8814 | N73: -0.0016167276
A74: Heating | B74: 395.88924 | C74: 732.49334 | D74: 918.4774 | E74: 630.7285 | F74: 274.19352 | G74: 2951.782 | H74: 430.46431 | I74: 691.19425 | J74: 786.69029 | K74: 597.18137 | L74: 435.16106 | M74: 2940.6913 | N74: -0.0037572919
A75: Non-Heating | B75: 776.46161 | C75: 802.34367 | D75: 802.34367 | E75: 724.69751 | F75: 802.34367 | G75: 3908.1901 | H75: 776.46161 | I75: 802.34367 | J75: 802.34367 | K75: 724.69751 | L75: 802.34367 | M75: 3908.1901 | N75: -2.220446e-16
A76: Price (cents/kWh) | B76: 15.426451 | C76: 14.759676 | D76: 15.121997 | E76: 15.086496 | F76: 15.957548 | G76: 15.217071 | H76: 15.949386 | I76: 15.302735 | J76: 15.741877 | K76: 15.570446 | L76: 16.317013 | M76: 15.753513 | N76: 0.035252674
A77: Expenditures ($) | B77: 180.85212 | C77: 226.53697 | D77: 260.2225 | E77: 204.48629 | F77: 171.78894 | G77: 1043.8868 | H77: 192.49728 | I77: 228.55216 | J77: 250.14378 | K77: 205.82244 | L77: 201.9238 | M77: 1078.9395 | N77: 0.033578952
A78: Heating | B78: 61.071658 | C78: 108.11365 | D78: 138.89212 | E78: 95.154828 | F78: 43.754563 | G78: 446.98681 | H78: 68.656417 | I78: 105.77163 | J78: 123.83982 | K78: 92.983803 | L78: 71.005285 | M78: 462.25695 | N78: 0.034162392
A79: Non-Heating | B79: 119.78047 | C79: 118.42333 | D79: 121.33038 | E79: 109.33146 | F79: 128.03438 | G79: 596.90001 | H79: 123.84086 | I79: 122.78053 | J79: 126.30396 | K79: 112.83863 | L79: 130.91852 | M79: 616.6825 | N79: 0.033142045
A80: West
A81: Consumption (kWh) | B81: 980.34125 | C81: 1105.9525 | D81: 1171.8681 | E81: 987.18243 | F81: 922.30816 | G81: 5167.6525 | H81: 1042.1889 | I81: 1231.3308 | J81: 1216.0189 | K81: 1061.4702 | L81: 1072.9499 | M81: 5623.9587 | N81: 0.088300479
A82: Heating | B82: 322.58909 | C82: 426.27531 | D82: 492.1909 | E82: 373.28042 | F82: 242.63093 | G82: 1856.9667 | H82: 384.43672 | I82: 551.65353 | J82: 536.34164 | K82: 447.56823 | L82: 393.27272 | M82: 2313.2729 | N82: 0.24572665
A83: Non-Heating | B83: 657.75215 | C83: 679.67723 | D83: 679.67723 | E83: 613.90201 | F83: 679.67723 | G83: 3310.6858 | H83: 657.75215 | I83: 679.67723 | J83: 679.67723 | K83: 613.90201 | L83: 679.67723 | M83: 3310.6858 | N83: 0
A84: Price (cents/kWh) | B84: 20.259836 | C84: 20.171788 | D84: 20.05399 | E84: 20.447876 | F84: 20.989587 | G84: 20.360478 | H84: 20.340231 | I84: 20.123816 | J84: 20.129655 | K84: 20.558437 | L84: 21.287636 | M84: 20.46925 | N84: 0.0053422887
A85: Expenditures ($) | B85: 198.61553 | C85: 223.0904 | D85: 235.00631 | E85: 201.85784 | F85: 193.58867 | G85: 1052.1588 | H85: 211.98362 | I85: 247.79074 | J85: 244.78041 | K85: 218.22169 | L85: 228.40568 | M85: 1151.1821 | N85: 0.094114495
A86: Heating | B86: 65.356022 | C86: 85.98735 | D86: 98.703912 | E86: 76.327917 | F86: 50.927231 | G86: 377.30243 | H86: 78.195317 | I86: 111.01374 | J86: 107.96372 | K86: 92.013031 | L86: 83.718465 | M86: 472.90428 | N86: 0.25338255
A87: Non-Heating | B87: 133.25951 | C87: 137.10305 | D87: 136.3024 | E87: 125.52992 | F87: 142.66144 | G87: 674.85632 | H87: 133.78831 | I87: 136.777 | J87: 136.81668 | K87: 126.20866 | L87: 144.68721 | M87: 678.27786 | N87: 0.005070025
A88: U.S. Average
A89: Consumption (kWh) | B89: 1135.8618 | C89: 1438.9799 | D89: 1576.8231 | E89: 1273.1005 | F89: 1078.171 | G89: 6502.9362 | H89: 1162.9667 | I89: 1420.3006 | J89: 1493.5992 | K89: 1269.5884 | L89: 1215.7234 | M89: 6562.1783 | N89: 0.0091100606
A90: Heating | B90: 423.86231 | C90: 703.2471 | D90: 841.09032 | E90: 608.56766 | F90: 342.43819 | G90: 2919.2056 | H90: 450.96726 | I90: 684.56787 | J90: 757.8664 | K90: 605.05554 | L90: 479.99064 | M90: 2978.4477 | N90: 0.020293926
A91: Non-Heating | B91: 711.99946 | C91: 735.73277 | D91: 735.73277 | E91: 664.53283 | F91: 735.73277 | G91: 3583.7306 | H91: 711.99946 | I91: 735.73277 | J91: 735.73277 | K91: 664.53283 | L91: 735.73277 | M91: 3583.7306 | N91: 0
A92: Price (cents/kWh) | B92: 17.78 | C92: 17.24 | D92: 17.45 | E92: 17.65 | F92: 18.56 | G92: 17.684362 | H92: 18.33735 | I92: 17.79294 | J92: 18.08291 | K92: 18.11152 | L92: 18.92103 | M92: 18.226049 | N92: 0.030630889
A93: Expenditures ($) | B93: 201.95622 | C93: 248.08013 | D93: 275.15563 | E93: 224.70224 | F93: 200.10853 | G93: 1150.0027 | H93: 213.25728 | I93: 252.71324 | J93: 270.08619 | K93: 229.94175 | L93: 230.02739 | M93: 1196.0259 | N93: 0.040019999
A94: Heating | B94: 75.362719 | C94: 121.2398 | D94: 146.77026 | E94: 107.41219 | F94: 63.556527 | G94: 514.3415 | H94: 82.695445 | I94: 121.80475 | J94: 137.0443 | K94: 109.58475 | L94: 90.819174 | M94: 541.94842 | N94: 0.05367431
A95: Non-Heating | B95: 126.5935 | C95: 126.84033 | D95: 128.38537 | E95: 117.29004 | F95: 136.552 | G95: 635.66125 | H95: 130.56183 | I95: 130.90849 | J95: 133.0419 | K95: 120.357 | L95: 139.20822 | M95: 654.07743 | N95: 0.028971695
A96: Propane
A97: Northeast
A98: Consumption (gallons) | B98: 88.313242 | C98: 127.15518 | D98: 138.71255 | E98: 122.56779 | F98: 92.972225 | G98: 569.72098 | H98: 81.440783 | I98: 108.22512 | J98: 122.32434 | K98: 105.67459 | L98: 97.296194 | M98: 514.96102 | N98: -0.096117162
A99: Heating | B99: 65.178017 | C99: 103.24878 | D99: 114.80615 | E99: 100.97491 | F99: 69.065827 | G99: 453.27369 | H99: 58.305558 | I99: 84.31872 | J99: 98.417939 | K99: 84.081709 | L99: 73.389795 | M99: 398.51372 | N99: -0.12080993
A100: Non-Heating | B100: 23.135225 | C100: 23.906399 | D100: 23.906399 | E100: 21.592876 | F100: 23.906399 | G100: 116.4473 | H100: 23.135225 | I100: 23.906399 | J100: 23.906399 | K100: 21.592876 | L100: 23.906399 | M100: 116.4473 | N100: 2.220446e-16
...

Sheet WF01-Real
A1: Table WF01. Real Average Consumer Prices and Expenditures for Heating Fuels During the Winter
A2: U.S. Energy Information Administration | Short-Term Energy Outlook - March 2023
B3: Winter of | I3: Forecast
A4: Fuel / Region | B4: =+#REF! -> #REF! | C4: =+#REF! -> #REF! | D4: =+#REF! -> #REF! | E4: =+#REF! -> #REF! | F4: =+#REF! -> #REF! | G4: =+#REF! -> #REF! | H4: =+#REF! -> #REF! | I4: =+#REF! -> #REF! | J4: % Change
A5: Natural Gas
A6: Northeast
A7: Consumption (Mcf**) | B7: =SUM(#REF!) -> #REF! | C7: =SUM(#REF!) -> #REF! | D7: =SUM(#REF!) -> #REF! | E7: =SUM(#REF!) -> #REF! | F7: =SUM(#REF!) -> #REF! | G7: =SUM(#REF!) -> #REF! | H7: =SUM(#REF!) -> #REF! | I7: =SUM(#REF!) -> #REF! | J7: =((I7/H7)-1)*100 -> #REF!
A8: Price ($/mcf) | B8: =B9/B7 -> #REF! | C8: =C9/C7 -> #REF! | D8: =D9/D7 -> #REF! | E8: =E9/E7 -> #REF! | F8: =F9/F7 -> #REF! | G8: =G9/G7 -> #REF! | H8: =H9/H7 -> #REF! | I8: =I9/I7 -> #REF! | J8: =((I8/H8)-1)*100 -> #REF!
A9: Expenditures ($) | B9: =SUM(#REF!) -> #REF! | C9: =SUM(#REF!) -> #REF! | D9: =SUM(#REF!) -> #REF! | E9: =SUM(#REF!) -> #REF! | F9: =SUM(#REF!) -> #REF! | G9: =SUM(#REF!) -> #REF! | H9: =SUM(#REF!) -> #REF! | I9: =SUM(#REF!) -> #REF! | J9: =((I9/H9)-1)*100 -> #REF!
A10: Midwest
A11: Consumption (Mcf) | B11: =SUM(#REF!) -> #REF! | C11: =SUM(#REF!) -> #REF! | D11: =SUM(#REF!) -> #REF! | E11: =SUM(#REF!) -> #REF! | F11: =SUM(#REF!) -> #REF! | G11: =SUM(#REF!) -> #REF! | H11: =SUM(#REF!) -> #REF! | I11: =SUM(#REF!) -> #REF! | J11: =((I11/H11)-1)*100 -> #REF!
A12: Price ($/mcf) | B12: =B13/B11 -> #REF! | C12: =C13/C11 -> #REF! | D12: =D13/D11 -> #REF! | E12: =E13/E11 -> #REF! | F12: =F13/F11 -> #REF! | G12: =G13/G11 -> #REF! | H12: =H13/H11 -> #REF! | I12: =I13/I11 -> #REF! | J12: =((I12/H12)-1)*100 -> #REF!
A13: Expenditures ($) | B13: =SUM(#REF!) -> #REF! | C13: =SUM(#REF!) -> #REF! | D13: =SUM(#REF!) -> #REF! | E13: =SUM(#REF!) -> #REF! | F13: =SUM(#REF!) -> #REF! | G13: =SUM(#REF!) -> #REF! | H13: =SUM(#REF!) -> #REF! | I13: =SUM(#REF!) -> #REF! | J13: =((I13/H13)-1)*100 -> #REF!
A14: South
A15: Consumption (Mcf) | B15: =SUM(#REF!) -> #REF! | C15: =SUM(#REF!) -> #REF! | D15: =SUM(#REF!) -> #REF! | E15: =SUM(#REF!) -> #REF! | F15: =SUM(#REF!) -> #REF! | G15: =SUM(#REF!) -> #REF! | H15: =SUM(#REF!) -> #REF! | I15: =SUM(#REF!) -> #REF! | J15: =((I15/H15)-1)*100 -> #REF!
A16: Price ($/mcf) | B16: =B17/B15 -> #REF! | C16: =C17/C15 -> #REF! | D16: =D17/D15 -> #REF! | E16: =E17/E15 -> #REF! | F16: =F17/F15 -> #REF! | G16: =G17/G15 -> #REF! | H16: =H17/H15 -> #REF! | I16: =I17/I15 -> #REF! | J16: =((I16/H16)-1)*100 -> #REF!
A17: Expenditures ($) | B17: =SUM(#REF!) -> #REF! | C17: =SUM(#REF!) -> #REF! | D17: =SUM(#REF!) -> #REF! | E17: =SUM(#REF!) -> #REF! | F17: =SUM(#REF!) -> #REF! | G17: =SUM(#REF!) -> #REF! | H17: =SUM(#REF!) -> #REF! | I17: =SUM(#REF!) -> #REF! | J17: =((I17/H17)-1)*100 -> #REF!
A18: West
A19: Consumption (Mcf) | B19: =SUM(#REF!) -> #REF! | C19: =SUM(#REF!) -> #REF! | D19: =SUM(#REF!) -> #REF! | E19: =SUM(#REF!) -> #REF! | F19: =SUM(#REF!) -> #REF! | G19: =SUM(#REF!) -> #REF! | H19: =SUM(#REF!) -> #REF! | I19: =SUM(#REF!) -> #REF! | J19: =((I19/H19)-1)*100 -> #REF!
A20: Price ($/mcf) | B20: =B21/B19 -> #REF! | C20: =C21/C19 -> #REF! | D20: =D21/D19 -> #REF! | E20: =E21/E19 -> #REF! | F20: =F21/F19 -> #REF! | G20: =G21/G19 -> #REF! | H20: =H21/H19 -> #REF! | I20: =I21/I19 -> #REF! | J20: =((I20/H20)-1)*100 -> #REF!
A21: Expenditures ($) | B21: =SUM(#REF!) -> #REF! | C21: =SUM(#REF!) -> #REF! | D21: =SUM(#REF!) -> #REF! | E21: =SUM(#REF!) -> #REF! | F21: =SUM(#REF!) -> #REF! | G21: =SUM(#REF!) -> #REF! | H21: =SUM(#REF!) -> #REF! | I21: =SUM(#REF!) -> #REF! | J21: =((I21/H21)-1)*100 -> #REF!
A22: U.S. Average
A23: Consumption (Mcf) | B23: =SUM(#REF!) -> #REF! | C23: =SUM(#REF!) -> #REF! | D23: =SUM(#REF!) -> #REF! | E23: =SUM(#REF!) -> #REF! | F23: =SUM(#REF!) -> #REF! | G23: =SUM(#REF!) -> #REF! | H23: =SUM(#REF!) -> #REF! | I23: =SUM(#REF!) -> #REF! | J23: =((I23/H23)-1)*100 -> #REF!
A24: Price ($/mcf) | B24: =B25/B23 -> #REF! | C24: =C25/C23 -> #REF! | D24: =D25/D23 -> #REF! | E24: =E25/E23 -> #REF! | F24: =F25/F23 -> #REF! | G24: =G25/G23 -> #REF! | H24: =H25/H23 -> #REF! | I24: =I25/I23 -> #REF! | J24: =((I24/H24)-1)*100 -> #REF!
A25: Expenditures ($) | B25: =SUM(#REF!) -> #REF! | C25: =SUM(#REF!) -> #REF! | D25: =SUM(#REF!) -> #REF! | E25: =SUM(#REF!) -> #REF! | F25: =SUM(#REF!) -> #REF! | G25: =SUM(#REF!) -> #REF! | H25: =SUM(#REF!) -> #REF! | I25: =SUM(#REF!) -> #REF! | J25: =((I25/H25)-1)*100 -> #REF!
A26: Heating Oil
A27: U.S. Average
A28: Consumption (gallons) | B28: =SUM(#REF!) -> #REF! | C28: =SUM(#REF!) -> #REF! | D28: =SUM(#REF!) -> #REF! | E28: =SUM(#REF!) -> #REF! | F28: =SUM(#REF!) -> #REF! | G28: =SUM(#REF!) -> #REF! | H28: =SUM(#REF!) -> #REF! | I28: =SUM(#REF!) -> #REF! | J28: =((I28/H28)-1)*100 -> #REF!
A29: Price ($/gallon) | B29: =B30/B28 -> #REF! | C29: =C30/C28 -> #REF! | D29: =D30/D28 -> #REF! | E29: =E30/E28 -> #REF! | F29: =F30/F28 -> #REF! | G29: =G30/G28 -> #REF! | H29: =H30/H28 -> #REF! | I29: =I30/I28 -> #REF! | J29: =((I29/H29)-1)*100 -> #REF!
A30: Expenditures ($) | B30: =SUM(#REF!) -> #REF! | C30: =SUM(#REF!) -> #REF! | D30: =SUM(#REF!) -> #REF! | E30: =SUM(#REF!) -> #REF! | F30: =SUM(#REF!) -> #REF! | G30: =SUM(#REF!) -> #REF! | H30: =SUM(#REF!) -> #REF! | I30: =SUM(#REF!) -> #REF! | J30: =((I30/H30)-1)*100 -> #REF!
A31: Electricity
A32: Northeast
A33: Consumption (kWh***) | B33: =SUM(#REF!) -> #REF! | C33: =SUM(#REF!) -> #REF! | D33: =SUM(#REF!) -> #REF! | E33: =SUM(#REF!) -> #REF! | F33: =SUM(#REF!) -> #REF! | G33: =SUM(#REF!) -> #REF! | H33: =SUM(#REF!) -> #REF! | I33: =SUM(#REF!) -> #REF! | J33: =((I33/H33)-1)*100 -> #REF!
A34: Price (cents/kWh) | B34: =B35/B33*100 -> #REF! | C34: =C35/C33*100 -> #REF! | D34: =D35/D33*100 -> #REF! | E34: =E35/E33*100 -> #REF! | F34: =F35/F33*100 -> #REF! | G34: =G35/G33*100 -> #REF! | H34: =H35/H33*100 -> #REF! | I34: =I35/I33*100 -> #REF! | J34: =((I34/H34)-1)*100 -> #REF!
A35: Expenditures ($) | B35: =SUM(#REF!) -> #REF! | C35: =SUM(#REF!) -> #REF! | D35: =SUM(#REF!) -> #REF! | E35: =SUM(#REF!) -> #REF! | F35: =SUM(#REF!) -> #REF! | G35: =SUM(#REF!) -> #REF! | H35: =SUM(#REF!) -> #REF! | I35: =SUM(#REF!) -> #REF! | J35: =((I35/H35)-1)*100 -> #REF!
A36: Midwest
A37: Consumption (kWh) | B37: =SUM(#REF!) -> #REF! | C37: =SUM(#REF!) -> #REF! | D37: =SUM(#REF!) -> #REF! | E37: =SUM(#REF!) -> #REF! | F37: =SUM(#REF!) -> #REF! | G37: =SUM(#REF!) -> #REF! | H37: =SUM(#REF!) -> #REF! | I37: =SUM(#REF!) -> #REF! | J37: =((I37/H37)-1)*100 -> #REF!
A38: Price (cents/kWh) | B38: =B39/B37*100 -> #REF! | C38: =C39/C37*100 -> #REF! | D38: =D39/D37*100 -> #REF! | E38: =E39/E37*100 -> #REF! | F38: =F39/F37*100 -> #REF! | G38: =G39/G37*100 -> #REF! | H38: =H39/H37*100 -> #REF! | I38: =I39/I37*100 -> #REF! | J38: =((I38/H38)-1)*100 -> #REF!
A39: Expenditures ($) | B39: =SUM(#REF!) -> #REF! | C39: =SUM(#REF!) -> #REF! | D39: =SUM(#REF!) -> #REF! | E39: =SUM(#REF!) -> #REF! | F39: =SUM(#REF!) -> #REF! | G39: =SUM(#REF!) -> #REF! | H39: =SUM(#REF!) -> #REF! | I39: =SUM(#REF!) -> #REF! | J39: =((I39/H39)-1)*100 -> #REF!
A40: South
A41: Consumption (kWh) | B41: =SUM(#REF!) -> #REF! | C41: =SUM(#REF!) -> #REF! | D41: =SUM(#REF!) -> #REF! | E41: =SUM(#REF!) -> #REF! | F41: =SUM(#REF!) -> #REF! | G41: =SUM(#REF!) -> #REF! | H41: =SUM(#REF!) -> #REF! | I41: =SUM(#REF!) -> #REF! | J41: =((I41/H41)-1)*100 -> #REF!
A42: Price (cents/kWh) | B42: =B43/B41*100 -> #REF! | C42: =C43/C41*100 -> #REF! | D42: =D43/D41*100 -> #REF! | E42: =E43/E41*100 -> #REF! | F42: =F43/F41*100 -> #REF! | G42: =G43/G41*100 -> #REF! | H42: =H43/H41*100 -> #REF! | I42: =I43/I41*100 -> #REF! | J42: =((I42/H42)-1)*100 -> #REF!
A43: Expenditures ($) | B43: =SUM(#REF!) -> #REF! | C43: =SUM(#REF!) -> #REF! | D43: =SUM(#REF!) -> #REF! | E43: =SUM(#REF!) -> #REF! | F43: =SUM(#REF!) -> #REF! | G43: =SUM(#REF!) -> #REF! | H43: =SUM(#REF!) -> #REF! | I43: =SUM(#REF!) -> #REF! | J43: =((I43/H43)-1)*100 -> #REF!
A44: West
A45: Consumption (kWh) | B45: =SUM(#REF!) -> #REF! | C45: =SUM(#REF!) -> #REF! | D45: =SUM(#REF!) -> #REF! | E45: =SUM(#REF!) -> #REF! | F45: =SUM(#REF!) -> #REF! | G45: =SUM(#REF!) -> #REF! | H45: =SUM(#REF!) -> #REF! | I45: =SUM(#REF!) -> #REF! | J45: =((I45/H45)-1)*100 -> #REF!
A46: Price (cents/kWh) | B46: =B47/B45*100 -> #REF! | C46: =C47/C45*100 -> #REF! | D46: =D47/D45*100 -> #REF! | E46: =E47/E45*100 -> #REF! | F46: =F47/F45*100 -> #REF! | G46: =G47/G45*100 -> #REF! | H46: =H47/H45*100 -> #REF! | I46: =I47/I45*100 -> #REF! | J46: =((I46/H46)-1)*100 -> #REF!
A47: Expenditures ($) | B47: =SUM(#REF!) -> #REF! | C47: =SUM(#REF!) -> #REF! | D47: =SUM(#REF!) -> #REF! | E47: =SUM(#REF!) -> #REF! | F47: =SUM(#REF!) -> #REF! | G47: =SUM(#REF!) -> #REF! | H47: =SUM(#REF!) -> #REF! | I47: =SUM(#REF!) -> #REF! | J47: =((I47/H47)-1)*100 -> #REF!
A48: U.S. Average
A49: Consumption (kWh) | B49: =SUM(#REF!) -> #REF! | C49: =SUM(#REF!) -> #REF! | D49: =SUM(#REF!) -> #REF! | E49: =SUM(#REF!) -> #REF! | F49: =SUM(#REF!) -> #REF! | G49: =SUM(#REF!) -> #REF! | H49: =SUM(#REF!) -> #REF! | I49: =SUM(#REF!) -> #REF! | J49: =((I49/H49)-1)*100 -> #REF!
A50: Price (cents/kWh) | B50: =B51/B49*100 -> #REF! | C50: =C51/C49*100 -> #REF! | D50: =D51/D49*100 -> #REF! | E50: =E51/E49*100 -> #REF! | F50: =F51/F49*100 -> #REF! | G50: =G51/G49*100 -> #REF! | H50: =H51/H49*100 -> #REF! | I50: =I51/I49*100 -> #REF! | J50: =((I50/H50)-1)*100 -> #REF!
A51: Expenditures ($) | B51: =SUM(#REF!) -> #REF! | C51: =SUM(#REF!) -> #REF! | D51: =SUM(#REF!) -> #REF! | E51: =SUM(#REF!) -> #REF! | F51: =SUM(#REF!) -> #REF! | G51: =SUM(#REF!) -> #REF! | H51: =SUM(#REF!) -> #REF! | I51: =SUM(#REF!) -> #REF! | J51: =((I51/H51)-1)*100 -> #REF!
A52: Propane
A53: Northeast
A54: Consumption (gallons) | B54: =SUM(#REF!) -> #REF! | C54: =SUM(#REF!) -> #REF! | D54: =SUM(#REF!) -> #REF! | E54: =SUM(#REF!) -> #REF! | F54: =SUM(#REF!) -> #REF! | G54: =SUM(#REF!) -> #REF! | H54: =SUM(#REF!) -> #REF! | I54: =SUM(#REF!) -> #REF! | J54: =((I54/H54)-1)*100 -> #REF!
A55: Price * ($/gallon) | B55: 3.6200765 | C55: 2.7835904 | D55: 2.7376102 | E55: 3.5772218 | F55: 3.2866527 | G55: 3.0372075 | H55: 0 | I55: 0 | J55: =((I55/H55)-1)*100 -> #DIV/0!
A56: Expenditures ($) | B56: =+B54*B55 -> #REF! | C56: =+C54*C55 -> #REF! | D56: =+D54*D55 -> #REF! | E56: =+E54*E55 -> #REF! | F56: =+F54*F55 -> #REF! | G56: =+G54*G55 -> #REF! | H56: =+H54*H55 -> #REF! | I56: =+I54*I55 -> #REF! | J56: =((I56/H56)-1)*100 -> #REF!
A57: Midwest
A58: Consumption (gallons) | B58: =SUM(#REF!) -> #REF! | C58: =SUM(#REF!) -> #REF! | D58: =SUM(#REF!) -> #REF! | E58: =SUM(#REF!) -> #REF! | F58: =SUM(#REF!) -> #REF! | G58: =SUM(#REF!) -> #REF! | H58: =SUM(#REF!) -> #REF! | I58: =SUM(#REF!) -> #REF! | J58: =((I58/H58)-1)*100 -> #REF!
A59: Price * ($/gallon) | B59: 1.9518908 | C59: 1.7035573 | D59: 1.7014629 | E59: 2.474546 | F59: 2.185503 | G59: 1.827309 | H59: 0 | I59: 0 | J59: =((I59/H59)-1)*100 -> #DIV/0!
A60: Expenditures ($) | B60: =+B58*B59 -> #REF! | C60: =+C58*C59 -> #REF! | D60: =+D58*D59 -> #REF! | E60: =+E58*E59 -> #REF! | F60: =+F58*F59 -> #REF! | G60: =+G58*G59 -> #REF! | H60: =+H58*H59 -> #REF! | I60: =+I58*I59 -> #REF! | J60: =((I60/H60)-1)*100 -> #REF!
A61: South
A62: Consumption (gallons) | B62: =SUM(#REF!) -> #REF! | C62: =SUM(#REF!) -> #REF! | D62: =SUM(#REF!) -> #REF! | E62: =SUM(#REF!) -> #REF! | F62: =SUM(#REF!) -> #REF! | G62: =SUM(#REF!) -> #REF! | H62: =SUM(#REF!) -> #REF! | I62: =SUM(#REF!) -> #REF! | J62: =((I62/H62)-1)*100 -> #REF! | K62: 577.89426 | L62: 604.8759 | M62: 0.046689577
A63: Price * ($/gallon) | B63: 2.9817347 | C63: 2.5775418 | D63: 2.5362153 | E63: 3.323671 | F63: 3.0143925 | G63: 2.869837 | H63: 0 | I63: 0 | J63: =((I63/H63)-1)*100 -> #DIV/0! | K63: 3.4976232 | L63: 3.2254417 | M63: -0.077818974
A64: Expenditures ($) | B64: =+B62*B63 -> #REF! | C64: =+C62*C63 -> #REF! | D64: =+D62*D63 -> #REF! | E64: =+E62*E63 -> #REF! | F64: =+F62*F63 -> #REF! | G64: =+G62*G63 -> #REF! | H64: =+H62*H63 -> #REF! | I64: =+I62*I63 -> #REF! | J64: =((I64/H64)-1)*100 -> #REF! | K64: 1704.6432 | L64: 1591.2453 | M64: -0.066522954
A65: Number of households by primary space heating fuel (thousands)
A66: Northeast
A67: Natural gas | B67: =AVERAGE(#REF!)*1000 -> #REF! | C67: =AVERAGE(#REF!)*1000 -> #REF! | D67: =AVERAGE(#REF!)*1000 -> #REF! | E67: =AVERAGE(#REF!)*1000 -> #REF! | F67: =AVERAGE(#REF!)*1000 -> #REF! | G67: =AVERAGE(#REF!)*1000 -> #REF! | H67: =AVERAGE(#REF!)*1000 -> #REF! | I67: =AVERAGE(#REF!)*1000 -> #REF! | J67: =((I67/H67)-1)*100 -> #REF!
A68: Heating oil | B68: =AVERAGE(#REF!)*1000 -> #REF! | C68: =AVERAGE(#REF!)*1000 -> #REF! | D68: =AVERAGE(#REF!)*1000 -> #REF! | E68: =AVERAGE(#REF!)*1000 -> #REF! | F68: =AVERAGE(#REF!)*1000 -> #REF! | G68: =AVERAGE(#REF!)*1000 -> #REF! | H68: =AVERAGE(#REF!)*1000 -> #REF! | I68: =AVERAGE(#REF!)*1000 -> #REF! | J68: =((I68/H68)-1)*100 -> #REF!
A69: Propane | B69: =AVERAGE(#REF!)*1000 -> #REF! | C69: =AVERAGE(#REF!)*1000 -> #REF! | D69: =AVERAGE(#REF!)*1000 -> #REF! | E69: =AVERAGE(#REF!)*1000 -> #REF! | F69: =AVERAGE(#REF!)*1000 -> #REF! | G69: =AVERAGE(#REF!)*1000 -> #REF! | H69: =AVERAGE(#REF!)*1000 -> #REF! | I69: =AVERAGE(#REF!)*1000 -> #REF! | J69: =((I69/H69)-1)*100 -> #REF!
A70: Electricity | B70: =AVERAGE(#REF!)*1000 -> #REF! | C70: =AVERAGE(#REF!)*1000 -> #REF! | D70: =AVERAGE(#REF!)*1000 -> #REF! | E70: =AVERAGE(#REF!)*1000 -> #REF! | F70: =AVERAGE(#REF!)*1000 -> #REF! | G70: =AVERAGE(#REF!)*1000 -> #REF! | H70: =AVERAGE(#REF!)*1000 -> #REF! | I70: =AVERAGE(#REF!)*1000 -> #REF! | J70: =((I70/H70)-1)*100 -> #REF!
A71: Wood | B71: =AVERAGE(#REF!)*1000 -> #REF! | C71: =AVERAGE(#REF!)*1000 -> #REF! | D71: =AVERAGE(#REF!)*1000 -> #REF! | E71: =AVERAGE(#REF!)*1000 -> #REF! | F71: =AVERAGE(#REF!)*1000 -> #REF! | G71: =AVERAGE(#REF!)*1000 -> #REF! | H71: =AVERAGE(#REF!)*1000 -> #REF! | I71: =AVERAGE(#REF!)*1000 -> #REF! | J71: =((I71/H71)-1)*100 -> #REF!
A72: Other/None | B72: =AVERAGE(#REF!)*1000 -> #REF! | C72: =AVERAGE(#REF!)*1000 -> #REF! | D72: =AVERAGE(#REF!)*1000 -> #REF! | E72: =AVERAGE(#REF!)*1000 -> #REF! | F72: =AVERAGE(#REF!)*1000 -> #REF! | G72: =AVERAGE(#REF!)*1000 -> #REF! | H72: =AVERAGE(#REF!)*1000 -> #REF! | I72: =AVERAGE(#REF!)*1000 -> #REF! | J72: =((I72/H72)-1)*100 -> #REF!
A73: Midwest
A74: Natural gas | B74: =AVERAGE(#REF!)*1000 -> #REF! | C74: =AVERAGE(#REF!)*1000 -> #REF! | D74: =AVERAGE(#REF!)*1000 -> #REF! | E74: =AVERAGE(#REF!)*1000 -> #REF! | F74: =AVERAGE(#REF!)*1000 -> #REF! | G74: =AVERAGE(#REF!)*1000 -> #REF! | H74: =AVERAGE(#REF!)*1000 -> #REF! | I74: =AVERAGE(#REF!)*1000 -> #REF! | J74: =((I74/H74)-1)*100 -> #REF!
A75: Heating oil | B75: =AVERAGE(#REF!)*1000 -> #REF! | C75: =AVERAGE(#REF!)*1000 -> #REF! | D75: =AVERAGE(#REF!)*1000 -> #REF! | E75: =AVERAGE(#REF!)*1000 -> #REF! | F75: =AVERAGE(#REF!)*1000 -> #REF! | G75: =AVERAGE(#REF!)*1000 -> #REF! | H75: =AVERAGE(#REF!)*1000 -> #REF! | I75: =AVERAGE(#REF!)*1000 -> #REF! | J75: =((I75/H75)-1)*100 -> #REF!
A76: Propane | B76: =AVERAGE(#REF!)*1000 -> #REF! | C76: =AVERAGE(#REF!)*1000 -> #REF! | D76: =AVERAGE(#REF!)*1000 -> #REF! | E76: =AVERAGE(#REF!)*1000 -> #REF! | F76: =AVERAGE(#REF!)*1000 -> #REF! | G76: =AVERAGE(#REF!)*1000 -> #REF! | H76: =AVERAGE(#REF!)*1000 -> #REF! | I76: =AVERAGE(#REF!)*1000 -> #REF! | J76: =((I76/H76)-1)*100 -> #REF!
A77: Electricity | B77: =AVERAGE(#REF!)*1000 -> #REF! | C77: =AVERAGE(#REF!)*1000 -> #REF! | D77: =AVERAGE(#REF!)*1000 -> #REF! | E77: =AVERAGE(#REF!)*1000 -> #REF! | F77: =AVERAGE(#REF!)*1000 -> #REF! | G77: =AVERAGE(#REF!)*1000 -> #REF! | H77: =AVERAGE(#REF!)*1000 -> #REF! | I77: =AVERAGE(#REF!)*1000 -> #REF! | J77: =((I77/H77)-1)*100 -> #REF!
A78: Wood | B78: =AVERAGE(#REF!)*1000 -> #REF! | C78: =AVERAGE(#REF!)*1000 -> #REF! | D78: =AVERAGE(#REF!)*1000 -> #REF! | E78: =AVERAGE(#REF!)*1000 -> #REF! | F78: =AVERAGE(#REF!)*1000 -> #REF! | G78: =AVERAGE(#REF!)*1000 -> #REF! | H78: =AVERAGE(#REF!)*1000 -> #REF! | I78: =AVERAGE(#REF!)*1000 -> #REF! | J78: =((I78/H78)-1)*100 -> #REF!
A79: Other/None | B79: =AVERAGE(#REF!)*1000 -> #REF! | C79: =AVERAGE(#REF!)*1000 -> #REF! | D79: =AVERAGE(#REF!)*1000 -> #REF! | E79: =AVERAGE(#REF!)*1000 -> #REF! | F79: =AVERAGE(#REF!)*1000 -> #REF! | G79: =AVERAGE(#REF!)*1000 -> #REF! | H79: =AVERAGE(#REF!)*1000 -> #REF! | I79: =AVERAGE(#REF!)*1000 -> #REF! | J79: =((I79/H79)-1)*100 -> #REF!
A80: South
A81: Natural gas | B81: =AVERAGE(#REF!)*1000 -> #REF! | C81: =AVERAGE(#REF!)*1000 -> #REF! | D81: =AVERAGE(#REF!)*1000 -> #REF! | E81: =AVERAGE(#REF!)*1000 -> #REF! | F81: =AVERAGE(#REF!)*1000 -> #REF! | G81: =AVERAGE(#REF!)*1000 -> #REF! | H81: =AVERAGE(#REF!)*1000 -> #REF! | I81: =AVERAGE(#REF!)*1000 -> #REF! | J81: =((I81/H81)-1)*100 -> #REF!
A82: Heating oil | B82: =AVERAGE(#REF!)*1000 -> #REF! | C82: =AVERAGE(#REF!)*1000 -> #REF! | D82: =AVERAGE(#REF!)*1000 -> #REF! | E82: =AVERAGE(#REF!)*1000 -> #REF! | F82: =AVERAGE(#REF!)*1000 -> #REF! | G82: =AVERAGE(#REF!)*1000 -> #REF! | H82: =AVERAGE(#REF!)*1000 -> #REF! | I82: =AVERAGE(#REF!)*1000 -> #REF! | J82: =((I82/H82)-1)*100 -> #REF!
A83: Propane | B83: =AVERAGE(#REF!)*1000 -> #REF! | C83: =AVERAGE(#REF!)*1000 -> #REF! | D83: =AVERAGE(#REF!)*1000 -> #REF! | E83: =AVERAGE(#REF!)*1000 -> #REF! | F83: =AVERAGE(#REF!)*1000 -> #REF! | G83: =AVERAGE(#REF!)*1000 -> #REF! | H83: =AVERAGE(#REF!)*1000 -> #REF! | I83: =AVERAGE(#REF!)*1000 -> #REF! | J83: =((I83/H83)-1)*100 -> #REF!
A84: Electricity | B84: =AVERAGE(#REF!)*1000 -> #REF! | C84: =AVERAGE(#REF!)*1000 -> #REF! | D84: =AVERAGE(#REF!)*1000 -> #REF! | E84: =AVERAGE(#REF!)*1000 -> #REF! | F84: =AVERAGE(#REF!)*1000 -> #REF! | G84: =AVERAGE(#REF!)*1000 -> #REF! | H84: =AVERAGE(#REF!)*1000 -> #REF! | I84: =AVERAGE(#REF!)*1000 -> #REF! | J84: =((I84/H84)-1)*100 -> #REF!
A85: Wood | B85: =AVERAGE(#REF!)*1000 -> #REF! | C85: =AVERAGE(#REF!)*1000 -> #REF! | D85: =AVERAGE(#REF!)*1000 -> #REF! | E85: =AVERAGE(#REF!)*1000 -> #REF! | F85: =AVERAGE(#REF!)*1000 -> #REF! | G85: =AVERAGE(#REF!)*1000 -> #REF! | H85: =AVERAGE(#REF!)*1000 -> #REF! | I85: =AVERAGE(#REF!)*1000 -> #REF! | J85: =((I85/H85)-1)*100 -> #REF!
A86: Other/None | B86: =AVERAGE(#REF!)*1000 -> #REF! | C86: =AVERAGE(#REF!)*1000 -> #REF! | D86: =AVERAGE(#REF!)*1000 -> #REF! | E86: =AVERAGE(#REF!)*1000 -> #REF! | F86: =AVERAGE(#REF!)*1000 -> #REF! | G86: =AVERAGE(#REF!)*1000 -> #REF! | H86: =AVERAGE(#REF!)*1000 -> #REF! | I86: =AVERAGE(#REF!)*1000 -> #REF! | J86: =((I86/H86)-1)*100 -> #REF!
A87: West
A88: Natural gas | B88: =AVERAGE(#REF!)*1000 -> #REF! | C88: =AVERAGE(#REF!)*1000 -> #REF! | D88: =AVERAGE(#REF!)*1000 -> #REF! | E88: =AVERAGE(#REF!)*1000 -> #REF! | F88: =AVERAGE(#REF!)*1000 -> #REF! | G88: =AVERAGE(#REF!)*1000 -> #REF! | H88: =AVERAGE(#REF!)*1000 -> #REF! | I88: =AVERAGE(#REF!)*1000 -> #REF! | J88: =((I88/H88)-1)*100 -> #REF!
A89: Heating oil | B89: =AVERAGE(#REF!)*1000 -> #REF! | C89: =AVERAGE(#REF!)*1000 -> #REF! | D89: =AVERAGE(#REF!)*1000 -> #REF! | E89: =AVERAGE(#REF!)*1000 -> #REF! | F89: =AVERAGE(#REF!)*1000 -> #REF! | G89: =AVERAGE(#REF!)*1000 -> #REF! | H89: =AVERAGE(#REF!)*1000 -> #REF! | I89: =AVERAGE(#REF!)*1000 -> #REF! | J89: =((I89/H89)-1)*100 -> #REF!
A90: Propane | B90: =AVERAGE(#REF!)*1000 -> #REF! | C90: =AVERAGE(#REF!)*1000 -> #REF! | D90: =AVERAGE(#REF!)*1000 -> #REF! | E90: =AVERAGE(#REF!)*1000 -> #REF! | F90: =AVERAGE(#REF!)*1000 -> #REF! | G90: =AVERAGE(#REF!)*1000 -> #REF! | H90: =AVERAGE(#REF!)*1000 -> #REF! | I90: =AVERAGE(#REF!)*1000 -> #REF! | J90: =((I90/H90)-1)*100 -> #REF!
A91: Electricity | B91: =AVERAGE(#REF!)*1000 -> #REF! | C91: =AVERAGE(#REF!)*1000 -> #REF! | D91: =AVERAGE(#REF!)*1000 -> #REF! | E91: =AVERAGE(#REF!)*1000 -> #REF! | F91: =AVERAGE(#REF!)*1000 -> #REF! | G91: =AVERAGE(#REF!)*1000 -> #REF! | H91: =AVERAGE(#REF!)*1000 -> #REF! | I91: =AVERAGE(#REF!)*1000 -> #REF! | J91: =((I91/H91)-1)*100 -> #REF!
A92: Wood | B92: =AVERAGE(#REF!)*1000 -> #REF! | C92: =AVERAGE(#REF!)*1000 -> #REF! | D92: =AVERAGE(#REF!)*1000 -> #REF! | E92: =AVERAGE(#REF!)*1000 -> #REF! | F92: =AVERAGE(#REF!)*1000 -> #REF! | G92: =AVERAGE(#REF!)*1000 -> #REF! | H92: =AVERAGE(#REF!)*1000 -> #REF! | I92: =AVERAGE(#REF!)*1000 -> #REF! | J92: =((I92/H92)-1)*100 -> #REF!
A93: Other/None | B93: =AVERAGE(#REF!)*1000 -> #REF! | C93: =AVERAGE(#REF!)*1000 -> #REF! | D93: =AVERAGE(#REF!)*1000 -> #REF! | E93: =AVERAGE(#REF!)*1000 -> #REF! | F93: =AVERAGE(#REF!)*1000 -> #REF! | G93: =AVERAGE(#REF!)*1000 -> #REF! | H93: =AVERAGE(#REF!)*1000 -> #REF! | I93: =AVERAGE(#REF!)*1000 -> #REF! | J93: =((I93/H93)-1)*100 -> #REF!
A94: U.S. Totals
A95: Natural gas | B95: =AVERAGE(#REF!)*1000 -> #REF! | C95: =AVERAGE(#REF!)*1000 -> #REF! | D95: =AVERAGE(#REF!)*1000 -> #REF! | E95: =AVERAGE(#REF!)*1000 -> #REF! | F95: =AVERAGE(#REF!)*1000 -> #REF! | G95: =AVERAGE(#REF!)*1000 -> #REF! | H95: =AVERAGE(#REF!)*1000 -> #REF! | I95: =AVERAGE(#REF!)*1000 -> #REF! | J95: =((I95/H95)-1)*100 -> #REF!
A96: Heating oil | B96: =AVERAGE(#REF!)*1000 -> #REF! | C96: =AVERAGE(#REF!)*1000 -> #REF! | D96: =AVERAGE(#REF!)*1000 -> #REF! | E96: =AVERAGE(#REF!)*1000 -> #REF! | F96: =AVERAGE(#REF!)*1000 -> #REF! | G96: =AVERAGE(#REF!)*1000 -> #REF! | H96: =AVERAGE(#REF!)*1000 -> #REF! | I96: =AVERAGE(#REF!)*1000 -> #REF! | J96: =((I96/H96)-1)*100 -> #REF!
A97: Propane | B97: =AVERAGE(#REF!)*1000 -> #REF! | C97: =AVERAGE(#REF!)*1000 -> #REF! | D97: =AVERAGE(#REF!)*1000 -> #REF! | E97: =AVERAGE(#REF!)*1000 -> #REF! | F97: =AVERAGE(#REF!)*1000 -> #REF! | G97: =AVERAGE(#REF!)*1000 -> #REF! | H97: =AVERAGE(#REF!)*1000 -> #REF! | I97: =AVERAGE(#REF!)*1000 -> #REF! | J97: =((I97/H97)-1)*100 -> #REF!
A98: Electricity | B98: =AVERAGE(#REF!)*1000 -> #REF! | C98: =AVERAGE(#REF!)*1000 -> #REF! | D98: =AVERAGE(#REF!)*1000 -> #REF! | E98: =AVERAGE(#REF!)*1000 -> #REF! | F98: =AVERAGE(#REF!)*1000 -> #REF! | G98: =AVERAGE(#REF!)*1000 -> #REF! | H98: =AVERAGE(#REF!)*1000 -> #REF! | I98: =AVERAGE(#REF!)*1000 -> #REF! | J98: =((I98/H98)-1)*100 -> #REF!
A99: Wood | B99: =AVERAGE(#REF!)*1000 -> #REF! | C99: =AVERAGE(#REF!)*1000 -> #REF! | D99: =AVERAGE(#REF!)*1000 -> #REF! | E99: =AVERAGE(#REF!)*1000 -> #REF! | F99: =AVERAGE(#REF!)*1000 -> #REF! | G99: =AVERAGE(#REF!)*1000 -> #REF! | H99: =AVERAGE(#REF!)*1000 -> #REF! | I99: =AVERAGE(#REF!)*1000 -> #REF! | J99: =((I99/H99)-1)*100 -> #REF!
A100: Other/None | B100: =AVERAGE(#REF!)*1000 -> #REF! | C100: =AVERAGE(#REF!)*1000 -> #REF! | D100: =AVERAGE(#REF!)*1000 -> #REF! | E100: =AVERAGE(#REF!)*1000 -> #REF! | F100: =AVERAGE(#REF!)*1000 -> #REF! | G100: =AVERAGE(#REF!)*1000 -> #REF! | H100: =AVERAGE(#REF!)*1000 -> #REF! | I100: =AVERAGE(#REF!)*1000 -> #REF! | J100: =((I100/H100)-1)*100 -> #REF!
...

Sheet Expenditures(Cold) Real
A1: Cold Case
C2: Changes from Last Winter
A3: Fuel / Region | B3: Last Winter | C3: Baseline Forecast | E3: Cold Forecast | H3: Change from Baseline
B4: =+'Seasonal WFO'!F4 -> 25-26 | C4: =+'Seasonal WFO'!G4 -> 26-27 | D4: % Change | E4: =+C4 -> 26-27 | F4: % Change | H4: Quantity | I4: Percent
A5: Natural Gas
A6: Northeast
A7: Consumption (Mcf**) | B7: =+'WF01-Real'!H7 -> #REF! | C7: ='WF01-Real'!I7 -> #REF! | D7: ='WF01-Real'!J7 -> #REF! | E7: =SUM(#REF!) -> #REF! | F7: =((E7/B7)-1)*100 -> #REF! | H7: =+E7-C7 -> #REF! | I7: =+H7/C7 -> #REF!
A8: Price ($/mcf) | B8: =+'WF01-Real'!H8 -> #REF! | C8: ='WF01-Real'!I8 -> #REF! | D8: ='WF01-Real'!J8 -> #REF! | E8: =E9/E7 -> #REF! | F8: =((E8/B8)-1)*100 -> #REF! | H8: =+E8-C8 -> #REF! | I8: =+H8/C8 -> #REF!
A9: Expenditures ($) | B9: =+'WF01-Real'!H9 -> #REF! | C9: ='WF01-Real'!I9 -> #REF! | D9: ='WF01-Real'!J9 -> #REF! | E9: =SUM(#REF!) -> #REF! | F9: =((E9/B9)-1)*100 -> #REF! | H9: =+E9-C9 -> #REF! | I9: =+H9/C9 -> #REF!
A10: Midwest
A11: Consumption (Mcf) | B11: =+'WF01-Real'!H11 -> #REF! | C11: ='WF01-Real'!I11 -> #REF! | D11: ='WF01-Real'!J11 -> #REF! | E11: =SUM(#REF!) -> #REF! | F11: =((E11/B11)-1)*100 -> #REF! | H11: =+E11-C11 -> #REF! | I11: =+H11/C11 -> #REF!
A12: Price ($/mcf) | B12: =+'WF01-Real'!H12 -> #REF! | C12: ='WF01-Real'!I12 -> #REF! | D12: ='WF01-Real'!J12 -> #REF! | E12: =E13/E11 -> #REF! | F12: =((E12/B12)-1)*100 -> #REF! | H12: =+E12-C12 -> #REF! | I12: =+H12/C12 -> #REF!
A13: Expenditures ($) | B13: =+'WF01-Real'!H13 -> #REF! | C13: ='WF01-Real'!I13 -> #REF! | D13: ='WF01-Real'!J13 -> #REF! | E13: =SUM(#REF!) -> #REF! | F13: =((E13/B13)-1)*100 -> #REF! | H13: =+E13-C13 -> #REF! | I13: =+H13/C13 -> #REF!
A14: South
A15: Consumption (Mcf) | B15: =+'WF01-Real'!H15 -> #REF! | C15: ='WF01-Real'!I15 -> #REF! | D15: ='WF01-Real'!J15 -> #REF! | E15: =SUM(#REF!) -> #REF! | F15: =((E15/B15)-1)*100 -> #REF! | H15: =+E15-C15 -> #REF! | I15: =+H15/C15 -> #REF!
A16: Price ($/mcf) | B16: =+'WF01-Real'!H16 -> #REF! | C16: ='WF01-Real'!I16 -> #REF! | D16: ='WF01-Real'!J16 -> #REF! | E16: =E17/E15 -> #REF! | F16: =((E16/B16)-1)*100 -> #REF! | H16: =+E16-C16 -> #REF! | I16: =+H16/C16 -> #REF!
A17: Expenditures ($) | B17: =+'WF01-Real'!H17 -> #REF! | C17: ='WF01-Real'!I17 -> #REF! | D17: ='WF01-Real'!J17 -> #REF! | E17: =SUM(#REF!) -> #REF! | F17: =((E17/B17)-1)*100 -> #REF! | H17: =+E17-C17 -> #REF! | I17: =+H17/C17 -> #REF!
A18: West
A19: Consumption (Mcf) | B19: =+'WF01-Real'!H19 -> #REF! | C19: ='WF01-Real'!I19 -> #REF! | D19: ='WF01-Real'!J19 -> #REF! | E19: =SUM(#REF!) -> #REF! | F19: =((E19/B19)-1)*100 -> #REF! | H19: =+E19-C19 -> #REF! | I19: =+H19/C19 -> #REF!
A20: Price ($/mcf) | B20: =+'WF01-Real'!H20 -> #REF! | C20: ='WF01-Real'!I20 -> #REF! | D20: ='WF01-Real'!J20 -> #REF! | E20: =E21/E19 -> #REF! | F20: =((E20/B20)-1)*100 -> #REF! | H20: =+E20-C20 -> #REF! | I20: =+H20/C20 -> #REF!
A21: Expenditures ($) | B21: =+'WF01-Real'!H21 -> #REF! | C21: ='WF01-Real'!I21 -> #REF! | D21: ='WF01-Real'!J21 -> #REF! | E21: =SUM(#REF!) -> #REF! | F21: =((E21/B21)-1)*100 -> #REF! | H21: =+E21-C21 -> #REF! | I21: =+H21/C21 -> #REF!
A22: U.S. Average
A23: Consumption (Mcf) | B23: =+'WF01-Real'!H23 -> #REF! | C23: ='WF01-Real'!I23 -> #REF! | D23: ='WF01-Real'!J23 -> #REF! | E23: =SUM(#REF!) -> #REF! | F23: =((E23/B23)-1)*100 -> #REF! | H23: =+E23-C23 -> #REF! | I23: =+H23/C23 -> #REF!
A24: Price ($/mcf) | B24: =+'WF01-Real'!H24 -> #REF! | C24: ='WF01-Real'!I24 -> #REF! | D24: ='WF01-Real'!J24 -> #REF! | E24: =E25/E23 -> #REF! | F24: =((E24/B24)-1)*100 -> #REF! | H24: =+E24-C24 -> #REF! | I24: =+H24/C24 -> #REF!
A25: Expenditures ($) | B25: =+'WF01-Real'!H25 -> #REF! | C25: ='WF01-Real'!I25 -> #REF! | D25: ='WF01-Real'!J25 -> #REF! | E25: =SUM(#REF!) -> #REF! | F25: =((E25/B25)-1)*100 -> #REF! | H25: =+E25-C25 -> #REF! | I25: =+H25/C25 -> #REF!
A26: Heating Oil
A27: U.S. Average
A28: Consumption (gallons) | B28: =+'WF01-Real'!H28 -> #REF! | C28: ='WF01-Real'!I28 -> #REF! | D28: ='WF01-Real'!J28 -> #REF! | E28: =SUM(#REF!) -> #REF! | F28: =((E28/B28)-1)*100 -> #REF! | H28: =+E28-C28 -> #REF! | I28: =+H28/C28 -> #REF!
A29: Price ($/gallon) | B29: =+'WF01-Real'!H29 -> #REF! | C29: ='WF01-Real'!I29 -> #REF! | D29: ='WF01-Real'!J29 -> #REF! | E29: =E30/E28 -> #REF! | F29: =((E29/B29)-1)*100 -> #REF! | H29: =+E29-C29 -> #REF! | I29: =+H29/C29 -> #REF!
A30: Expenditures ($) | B30: =+'WF01-Real'!H30 -> #REF! | C30: ='WF01-Real'!I30 -> #REF! | D30: ='WF01-Real'!J30 -> #REF! | E30: =SUM(#REF!) -> #REF! | F30: =((E30/B30)-1)*100 -> #REF! | H30: =+E30-C30 -> #REF! | I30: =+H30/C30 -> #REF!
A31: Electricity
A32: Northeast
A33: Consumption (kWh***) | B33: =+'WF01-Real'!H33 -> #REF! | C33: ='WF01-Real'!I33 -> #REF! | D33: ='WF01-Real'!J33 -> #REF! | E33: =SUM(#REF!) -> #REF! | F33: =((E33/B33)-1)*100 -> #REF! | H33: =+E33-C33 -> #REF! | I33: =+H33/C33 -> #REF!
A34: Price ($/kwh) | B34: =+'WF01-Real'!H34 -> #REF! | C34: ='WF01-Real'!I34 -> #REF! | D34: ='WF01-Real'!J34 -> #REF! | E34: =E35/E33 -> #REF! | F34: =((E34/B34)-1)*100 -> #REF! | H34: =+E34-C34 -> #REF! | I34: =+H34/C34 -> #REF!
A35: Expenditures ($) | B35: =+'WF01-Real'!H35 -> #REF! | C35: ='WF01-Real'!I35 -> #REF! | D35: ='WF01-Real'!J35 -> #REF! | E35: =SUM(#REF!) -> #REF! | F35: =((E35/B35)-1)*100 -> #REF! | H35: =+E35-C35 -> #REF! | I35: =+H35/C35 -> #REF!
A36: Midwest
A37: Consumption (kWh) | B37: =+'WF01-Real'!H37 -> #REF! | C37: ='WF01-Real'!I37 -> #REF! | D37: ='WF01-Real'!J37 -> #REF! | E37: =SUM(#REF!) -> #REF! | F37: =((E37/B37)-1)*100 -> #REF! | H37: =+E37-C37 -> #REF! | I37: =+H37/C37 -> #REF!
A38: Price ($/kwh) | B38: =+'WF01-Real'!H38 -> #REF! | C38: ='WF01-Real'!I38 -> #REF! | D38: ='WF01-Real'!J38 -> #REF! | E38: =E39/E37 -> #REF! | F38: =((E38/B38)-1)*100 -> #REF! | H38: =+E38-C38 -> #REF! | I38: =+H38/C38 -> #REF!
A39: Expenditures ($) | B39: =+'WF01-Real'!H39 -> #REF! | C39: ='WF01-Real'!I39 -> #REF! | D39: ='WF01-Real'!J39 -> #REF! | E39: =SUM(#REF!) -> #REF! | F39: =((E39/B39)-1)*100 -> #REF! | H39: =+E39-C39 -> #REF! | I39: =+H39/C39 -> #REF!
A40: South
A41: Consumption (kWh) | B41: =+'WF01-Real'!H41 -> #REF! | C41: ='WF01-Real'!I41 -> #REF! | D41: ='WF01-Real'!J41 -> #REF! | E41: =SUM(#REF!) -> #REF! | F41: =((E41/B41)-1)*100 -> #REF! | H41: =+E41-C41 -> #REF! | I41: =+H41/C41 -> #REF!
A42: Price ($/kwh) | B42: =+'WF01-Real'!H42 -> #REF! | C42: ='WF01-Real'!I42 -> #REF! | D42: ='WF01-Real'!J42 -> #REF! | E42: =E43/E41 -> #REF! | F42: =((E42/B42)-1)*100 -> #REF! | H42: =+E42-C42 -> #REF! | I42: =+H42/C42 -> #REF!
A43: Expenditures ($) | B43: =+'WF01-Real'!H43 -> #REF! | C43: ='WF01-Real'!I43 -> #REF! | D43: ='WF01-Real'!J43 -> #REF! | E43: =SUM(#REF!) -> #REF! | F43: =((E43/B43)-1)*100 -> #REF! | H43: =+E43-C43 -> #REF! | I43: =+H43/C43 -> #REF!
A44: West
A45: Consumption (kWh) | B45: =+'WF01-Real'!H45 -> #REF! | C45: ='WF01-Real'!I45 -> #REF! | D45: ='WF01-Real'!J45 -> #REF! | E45: =SUM(#REF!) -> #REF! | F45: =((E45/B45)-1)*100 -> #REF! | H45: =+E45-C45 -> #REF! | I45: =+H45/C45 -> #REF!
A46: Price ($/kwh) | B46: =+'WF01-Real'!H46 -> #REF! | C46: ='WF01-Real'!I46 -> #REF! | D46: ='WF01-Real'!J46 -> #REF! | E46: =E47/E45 -> #REF! | F46: =((E46/B46)-1)*100 -> #REF! | H46: =+E46-C46 -> #REF! | I46: =+H46/C46 -> #REF!
A47: Expenditures ($) | B47: =+'WF01-Real'!H47 -> #REF! | C47: ='WF01-Real'!I47 -> #REF! | D47: ='WF01-Real'!J47 -> #REF! | E47: =SUM(#REF!) -> #REF! | F47: =((E47/B47)-1)*100 -> #REF! | H47: =+E47-C47 -> #REF! | I47: =+H47/C47 -> #REF!
A48: U.S. Average
A49: Consumption (kWh) | B49: =+'WF01-Real'!H49 -> #REF! | C49: ='WF01-Real'!I49 -> #REF! | D49: ='WF01-Real'!J49 -> #REF! | E49: =SUM(#REF!) -> #REF! | F49: =((E49/B49)-1)*100 -> #REF! | H49: =+E49-C49 -> #REF! | I49: =+H49/C49 -> #REF!
A50: Price ($/kwh) | B50: =+'WF01-Real'!H50 -> #REF! | C50: ='WF01-Real'!I50 -> #REF! | D50: ='WF01-Real'!J50 -> #REF! | E50: =E51/E49 -> #REF! | F50: =((E50/B50)-1)*100 -> #REF! | H50: =+E50-C50 -> #REF! | I50: =+H50/C50 -> #REF!
A51: Expenditures ($) | B51: =+'WF01-Real'!H51 -> #REF! | C51: ='WF01-Real'!I51 -> #REF! | D51: ='WF01-Real'!J51 -> #REF! | E51: =SUM(#REF!) -> #REF! | F51: =((E51/B51)-1)*100 -> #REF! | H51: =+E51-C51 -> #REF! | I51: =+H51/C51 -> #REF!
A52: Propane
A53: Northeast
A54: Consumption (gallons) | B54: =+'WF01-Real'!H54 -> #REF! | C54: ='WF01-Real'!I54 -> #REF! | D54: ='WF01-Real'!J54 -> #REF! | E54: =SUM(#REF!) -> #REF! | F54: =((E54/B54)-1)*100 -> #REF! | G54: =+E54-B54 -> #REF! | H54: =+E54-C54 -> #REF! | I54: =+H54/C54 -> #REF! | J54: 72.561333
A55: Price * ($/gallon) | B55: =+'WF01-Real'!H55 -> 0 | C55: ='WF01-Real'!I55 -> 0 | D55: ='WF01-Real'!J55 -> #DIV/0! | E55: =E56/E54 -> #REF! | F55: =((E55/B55)-1)*100 -> #REF! | G55: =+E55-B55 -> #REF! | H55: =+E55-C55 -> #REF! | I55: =+H55/C55 -> #REF! | J55: 0.11851553
A56: Expenditures ($) | B56: =+'WF01-Real'!H56 -> #REF! | C56: ='WF01-Real'!I56 -> #REF! | D56: ='WF01-Real'!J56 -> #REF! | E56: =SUM(#REF!) -> #REF! | F56: =((E56/B56)-1)*100 -> #REF! | G56: =+E56-B56 -> #REF! | H56: =+E56-C56 -> #REF! | I56: =+H56/C56 -> #REF! | J56: 333.08153
A57: Midwest
A58: Consumption (gallons) | B58: =+'WF01-Real'!H58 -> #REF! | C58: ='WF01-Real'!I58 -> #REF! | D58: ='WF01-Real'!J58 -> #REF! | E58: =SUM(#REF!) -> #REF! | F58: =((E58/B58)-1)*100 -> #REF! | G58: =+E58-B58 -> #REF! | H58: =+E58-C58 -> #REF! | I58: =+H58/C58 -> #REF! | J58: 86.935443
A59: Price * ($/gallon) | B59: =+'WF01-Real'!H59 -> 0 | C59: ='WF01-Real'!I59 -> 0 | D59: ='WF01-Real'!J59 -> #DIV/0! | E59: =E60/E58 -> #REF! | F59: =((E59/B59)-1)*100 -> #REF! | G59: =+E59-B59 -> #REF! | H59: =+E59-C59 -> #REF! | I59: =+H59/C59 -> #REF! | J59: 0.1407551
A60: Expenditures ($) | B60: =+'WF01-Real'!H60 -> #REF! | C60: ='WF01-Real'!I60 -> #REF! | D60: ='WF01-Real'!J60 -> #REF! | E60: =SUM(#REF!) -> #REF! | F60: =((E60/B60)-1)*100 -> #REF! | G60: =+E60-B60 -> #REF! | H60: =+E60-C60 -> #REF! | I60: =+H60/C60 -> #REF! | J60: 323.24934
A61: South
A62: Consumption (gallons) | B62: =+'WF01-Real'!H62 -> #REF! | C62: ='WF01-Real'!I62 -> #REF! | D62: ='WF01-Real'!J62 -> #REF! | E62: =SUM(#REF!) -> #REF! | F62: =((E62/B62)-1)*100 -> #REF! | G62: =+E62-B62 -> #REF! | H62: =+E62-C62 -> #REF! | I62: =+H62/C62 -> #REF! | J62: 80.187286
A63: Price * ($/gallon) | B63: =+'WF01-Real'!H63 -> 0 | C63: ='WF01-Real'!I63 -> 0 | D63: ='WF01-Real'!J63 -> #DIV/0! | E63: =E64/E62 -> #REF! | F63: =((E63/B63)-1)*100 -> #REF! | G63: =+E63-B63 -> #REF! | H63: =+E63-C63 -> #REF! | I63: =+H63/C63 -> #REF! | J63: -0.13230072
A64: Expenditures ($) | B64: =+'WF01-Real'!H64 -> #REF! | C64: ='WF01-Real'!I64 -> #REF! | D64: ='WF01-Real'!J64 -> #REF! | E64: =SUM(#REF!) -> #REF! | F64: =((E64/B64)-1)*100 -> #REF! | G64: =+E64-B64 -> #REF! | H64: =+E64-C64 -> #REF! | I64: =+H64/C64 -> #REF! | J64: 193.46522
A65: U.S. Average
A66: Expenditures ($) | B66: =(B56*'WF01-Real'!H69+B60*'WF01-Real'!H76+B64*'WF01-Real'!H83)/('WF01-Real'!H69+'WF01-Real'!H76+'WF01-Real'!H83) -> #REF! | E66: =(E56*'WF01-Real'!I69+E60*'WF01-Real'!I76+E64*'WF01-Real'!I83)/('WF01-Real'!I69+'WF01-Real'!I76+'WF01-Real'!I83) -> #REF! | H66: =(E66-B66)/B66 -> #REF!
A67: Note: Winter covers the period October 1 through March 31.
A68: * Prices include taxes
A69: ** thousand cubic feet
A70: *** kilowatthour

Sheet Expenditures (Warm) Real
A1: Warm Case
C2: Changes from last winter
B3: Last Winter | C3: Baseline Forecast | E3: Warm Forecast | H3: Change from Baseline | K3: Baseline change from previous winter | L3: Winter Range | M3: Warmer
A4: Fuel / Region | B4: =+'Seasonal WFO'!F4 -> 25-26 | C4: =+'Seasonal WFO'!G4 -> 26-27 | D4: % Change | E4: =+C4 -> 26-27 | F4: % Change | H4: Quantity | I4: Percent | K4: Quantity
A5: Natural Gas
A6: Northeast
A7: Consumption (Mcf**) | B7: =+'WF01-Real'!H7 -> #REF! | C7: ='WF01-Real'!I7 -> #REF! | D7: ='WF01-Real'!J7 -> #REF! | E7: =SUM(#REF!) -> #REF! | F7: =((E7/B7)-1)*100 -> #REF! | H7: =+E7-C7 -> #REF! | I7: =+H7/C7 -> #REF! | K7: =C7-B7 -> #REF! | L7: =F9-F17 -> #REF!
A8: Price ($/mcf) | B8: =+'WF01-Real'!H8 -> #REF! | C8: ='WF01-Real'!I8 -> #REF! | D8: ='WF01-Real'!J8 -> #REF! | E8: =E9/E7 -> #REF! | F8: =((E8/B8)-1)*100 -> #REF! | H8: =+E8-C8 -> #REF! | I8: =+H8/C8 -> #REF! | K8: =C8-B8 -> #REF!
A9: Expenditures ($) | B9: =+'WF01-Real'!H9 -> #REF! | C9: ='WF01-Real'!I9 -> #REF! | D9: ='WF01-Real'!J9 -> #REF! | E9: =SUM(#REF!) -> #REF! | F9: =((E9/B9)-1)*100 -> #REF! | H9: =+E9-C9 -> #REF! | I9: =+H9/C9 -> #REF! | K9: =C9-B9 -> #REF!
A10: Midwest | K10: =C10-B10 -> 0
A11: Consumption (Mcf) | B11: =+'WF01-Real'!H11 -> #REF! | C11: ='WF01-Real'!I11 -> #REF! | D11: ='WF01-Real'!J11 -> #REF! | E11: =SUM(#REF!) -> #REF! | F11: =((E11/B11)-1)*100 -> #REF! | H11: =+E11-C11 -> #REF! | I11: =+H11/C11 -> #REF! | K11: =C11-B11 -> #REF!
A12: Price ($/mcf) | B12: =+'WF01-Real'!H12 -> #REF! | C12: ='WF01-Real'!I12 -> #REF! | D12: ='WF01-Real'!J12 -> #REF! | E12: =E13/E11 -> #REF! | F12: =((E12/B12)-1)*100 -> #REF! | H12: =+E12-C12 -> #REF! | I12: =+H12/C12 -> #REF! | K12: =C12-B12 -> #REF!
A13: Expenditures ($) | B13: =+'WF01-Real'!H13 -> #REF! | C13: ='WF01-Real'!I13 -> #REF! | D13: ='WF01-Real'!J13 -> #REF! | E13: =SUM(#REF!) -> #REF! | F13: =((E13/B13)-1)*100 -> #REF! | H13: =+E13-C13 -> #REF! | I13: =+H13/C13 -> #REF! | K13: =C13-B13 -> #REF!
A14: South | K14: =C14-B14 -> 0
A15: Consumption (Mcf) | B15: =+'WF01-Real'!H15 -> #REF! | C15: ='WF01-Real'!I15 -> #REF! | D15: ='WF01-Real'!J15 -> #REF! | E15: =SUM(#REF!) -> #REF! | F15: =((E15/B15)-1)*100 -> #REF! | H15: =+E15-C15 -> #REF! | I15: =+H15/C15 -> #REF! | K15: =C15-B15 -> #REF!
A16: Price ($/mcf) | B16: =+'WF01-Real'!H16 -> #REF! | C16: ='WF01-Real'!I16 -> #REF! | D16: ='WF01-Real'!J16 -> #REF! | E16: =E17/E15 -> #REF! | F16: =((E16/B16)-1)*100 -> #REF! | H16: =+E16-C16 -> #REF! | I16: =+H16/C16 -> #REF! | K16: =C16-B16 -> #REF!
A17: Expenditures ($) | B17: =+'WF01-Real'!H17 -> #REF! | C17: ='WF01-Real'!I17 -> #REF! | D17: ='WF01-Real'!J17 -> #REF! | E17: =SUM(#REF!) -> #REF! | F17: =((E17/B17)-1)*100 -> #REF! | H17: =+E17-C17 -> #REF! | I17: =+H17/C17 -> #REF! | K17: =C17-B17 -> #REF!
A18: West | K18: =C18-B18 -> 0
A19: Consumption (Mcf) | B19: =+'WF01-Real'!H19 -> #REF! | C19: ='WF01-Real'!I19 -> #REF! | D19: ='WF01-Real'!J19 -> #REF! | E19: =SUM(#REF!) -> #REF! | F19: =((E19/B19)-1)*100 -> #REF! | H19: =+E19-C19 -> #REF! | I19: =+H19/C19 -> #REF! | K19: =C19-B19 -> #REF!
A20: Price ($/mcf) | B20: =+'WF01-Real'!H20 -> #REF! | C20: ='WF01-Real'!I20 -> #REF! | D20: ='WF01-Real'!J20 -> #REF! | E20: =E21/E19 -> #REF! | F20: =((E20/B20)-1)*100 -> #REF! | H20: =+E20-C20 -> #REF! | I20: =+H20/C20 -> #REF! | K20: =C20-B20 -> #REF!
A21: Expenditures ($) | B21: =+'WF01-Real'!H21 -> #REF! | C21: ='WF01-Real'!I21 -> #REF! | D21: ='WF01-Real'!J21 -> #REF! | E21: =SUM(#REF!) -> #REF! | F21: =((E21/B21)-1)*100 -> #REF! | H21: =+E21-C21 -> #REF! | I21: =+H21/C21 -> #REF! | K21: =C21-B21 -> #REF!
A22: U.S. Average | K22: =C22-B22 -> 0
A23: Consumption (Mcf) | B23: =+'WF01-Real'!H23 -> #REF! | C23: ='WF01-Real'!I23 -> #REF! | D23: ='WF01-Real'!J23 -> #REF! | E23: =SUM(#REF!) -> #REF! | F23: =((E23/B23)-1)*100 -> #REF! | H23: =+E23-C23 -> #REF! | I23: =+H23/C23 -> #REF! | K23: =C23-B23 -> #REF!
A24: Price ($/mcf) | B24: =+'WF01-Real'!H24 -> #REF! | C24: ='WF01-Real'!I24 -> #REF! | D24: ='WF01-Real'!J24 -> #REF! | E24: =E25/E23 -> #REF! | F24: =((E24/B24)-1)*100 -> #REF! | H24: =+E24-C24 -> #REF! | I24: =+H24/C24 -> #REF! | K24: =C24-B24 -> #REF!
A25: Expenditures ($) | B25: =+'WF01-Real'!H25 -> #REF! | C25: ='WF01-Real'!I25 -> #REF! | D25: ='WF01-Real'!J25 -> #REF! | E25: =SUM(#REF!) -> #REF! | F25: =((E25/B25)-1)*100 -> #REF! | H25: =+E25-C25 -> #REF! | I25: =+H25/C25 -> #REF! | K25: =C25-B25 -> #REF! | L25: ='Expenditures(Cold) Real'!E25-'Expenditures (Warm) Real'!E25 -> #REF! | M25: =H25+K25 -> #REF!
A26: Heating Oil | K26: =C26-B26 -> 0
A27: U.S. Average | K27: =C27-B27 -> 0
A28: Consumption (gallons) | B28: =+'WF01-Real'!H28 -> #REF! | C28: ='WF01-Real'!I28 -> #REF! | D28: ='WF01-Real'!J28 -> #REF! | E28: =SUM(#REF!) -> #REF! | F28: =((E28/B28)-1)*100 -> #REF! | H28: =+E28-C28 -> #REF! | I28: =+H28/C28 -> #REF! | K28: =C28-B28 -> #REF!
A29: Price ($/gallon) | B29: =+'WF01-Real'!H29 -> #REF! | C29: ='WF01-Real'!I29 -> #REF! | D29: ='WF01-Real'!J29 -> #REF! | E29: =E30/E28 -> #REF! | F29: =((E29/B29)-1)*100 -> #REF! | H29: =+E29-C29 -> #REF! | I29: =+H29/C29 -> #REF! | K29: =C29-B29 -> #REF!
A30: Expenditures ($) | B30: =+'WF01-Real'!H30 -> #REF! | C30: ='WF01-Real'!I30 -> #REF! | D30: ='WF01-Real'!J30 -> #REF! | E30: =SUM(#REF!) -> #REF! | F30: =((E30/B30)-1)*100 -> #REF! | H30: =+E30-C30 -> #REF! | I30: =+H30/C30 -> #REF! | K30: =C30-B30 -> #REF! | L30: ='Expenditures(Cold) Real'!E30-'Expenditures (Warm) Real'!E30 -> #REF! | M30: =H30+K30 -> #REF!
A31: Electricity | K31: =C31-B31 -> 0
A32: Northeast | K32: =C32-B32 -> 0
A33: Consumption (kWh***) | B33: =+'WF01-Real'!H33 -> #REF! | C33: ='WF01-Real'!I33 -> #REF! | D33: ='WF01-Real'!J33 -> #REF! | E33: =SUM(#REF!) -> #REF! | F33: =((E33/B33)-1)*100 -> #REF! | H33: =+E33-C33 -> #REF! | I33: =+H33/C33 -> #REF! | K33: =C33-B33 -> #REF!
A34: Price ($/kwh) | B34: =+'WF01-Real'!H34 -> #REF! | C34: ='WF01-Real'!I34 -> #REF! | D34: ='WF01-Real'!J34 -> #REF! | E34: =E35/E33 -> #REF! | F34: =((E34/B34)-1)*100 -> #REF! | H34: =+E34-C34 -> #REF! | I34: =+H34/C34 -> #REF! | K34: =C34-B34 -> #REF!
A35: Expenditures ($) | B35: =+'WF01-Real'!H35 -> #REF! | C35: ='WF01-Real'!I35 -> #REF! | D35: ='WF01-Real'!J35 -> #REF! | E35: =SUM(#REF!) -> #REF! | F35: =((E35/B35)-1)*100 -> #REF! | H35: =+E35-C35 -> #REF! | I35: =+H35/C35 -> #REF! | K35: =C35-B35 -> #REF!
A36: Midwest | K36: =C36-B36 -> 0
A37: Consumption (kWh) | B37: =+'WF01-Real'!H37 -> #REF! | C37: ='WF01-Real'!I37 -> #REF! | D37: ='WF01-Real'!J37 -> #REF! | E37: =SUM(#REF!) -> #REF! | F37: =((E37/B37)-1)*100 -> #REF! | H37: =+E37-C37 -> #REF! | I37: =+H37/C37 -> #REF! | K37: =C37-B37 -> #REF!
A38: Price ($/kwh) | B38: =+'WF01-Real'!H38 -> #REF! | C38: ='WF01-Real'!I38 -> #REF! | D38: ='WF01-Real'!J38 -> #REF! | E38: =E39/E37 -> #REF! | F38: =((E38/B38)-1)*100 -> #REF! | H38: =+E38-C38 -> #REF! | I38: =+H38/C38 -> #REF! | K38: =C38-B38 -> #REF!
A39: Expenditures ($) | B39: =+'WF01-Real'!H39 -> #REF! | C39: ='WF01-Real'!I39 -> #REF! | D39: ='WF01-Real'!J39 -> #REF! | E39: =SUM(#REF!) -> #REF! | F39: =((E39/B39)-1)*100 -> #REF! | H39: =+E39-C39 -> #REF! | I39: =+H39/C39 -> #REF! | K39: =C39-B39 -> #REF!
A40: South | K40: =C40-B40 -> 0
A41: Consumption (kWh) | B41: =+'WF01-Real'!H41 -> #REF! | C41: ='WF01-Real'!I41 -> #REF! | D41: ='WF01-Real'!J41 -> #REF! | E41: =SUM(#REF!) -> #REF! | F41: =((E41/B41)-1)*100 -> #REF! | H41: =+E41-C41 -> #REF! | I41: =+H41/C41 -> #REF! | K41: =C41-B41 -> #REF!
A42: Price ($/kwh) | B42: =+'WF01-Real'!H42 -> #REF! | C42: ='WF01-Real'!I42 -> #REF! | D42: ='WF01-Real'!J42 -> #REF! | E42: =E43/E41 -> #REF! | F42: =((E42/B42)-1)*100 -> #REF! | H42: =+E42-C42 -> #REF! | I42: =+H42/C42 -> #REF! | K42: =C42-B42 -> #REF!
A43: Expenditures ($) | B43: =+'WF01-Real'!H43 -> #REF! | C43: ='WF01-Real'!I43 -> #REF! | D43: ='WF01-Real'!J43 -> #REF! | E43: =SUM(#REF!) -> #REF! | F43: =((E43/B43)-1)*100 -> #REF! | H43: =+E43-C43 -> #REF! | I43: =+H43/C43 -> #REF! | K43: =C43-B43 -> #REF!
A44: West | K44: =C44-B44 -> 0
A45: Consumption (kWh) | B45: =+'WF01-Real'!H45 -> #REF! | C45: ='WF01-Real'!I45 -> #REF! | D45: ='WF01-Real'!J45 -> #REF! | E45: =SUM(#REF!) -> #REF! | F45: =((E45/B45)-1)*100 -> #REF! | H45: =+E45-C45 -> #REF! | I45: =+H45/C45 -> #REF! | K45: =C45-B45 -> #REF!
A46: Price ($/kwh) | B46: =+'WF01-Real'!H46 -> #REF! | C46: ='WF01-Real'!I46 -> #REF! | D46: ='WF01-Real'!J46 -> #REF! | E46: =E47/E45 -> #REF! | F46: =((E46/B46)-1)*100 -> #REF! | H46: =+E46-C46 -> #REF! | I46: =+H46/C46 -> #REF! | K46: =C46-B46 -> #REF!
A47: Expenditures ($) | B47: =+'WF01-Real'!H47 -> #REF! | C47: ='WF01-Real'!I47 -> #REF! | D47: ='WF01-Real'!J47 -> #REF! | E47: =SUM(#REF!) -> #REF! | F47: =((E47/B47)-1)*100 -> #REF! | H47: =+E47-C47 -> #REF! | I47: =+H47/C47 -> #REF! | K47: =C47-B47 -> #REF!
A48: U.S. Average | K48: =C48-B48 -> 0
A49: Consumption (kWh) | B49: =+'WF01-Real'!H49 -> #REF! | C49: ='WF01-Real'!I49 -> #REF! | D49: ='WF01-Real'!J49 -> #REF! | E49: =SUM(#REF!) -> #REF! | F49: =((E49/B49)-1)*100 -> #REF! | H49: =+E49-C49 -> #REF! | I49: =+H49/C49 -> #REF! | K49: =C49-B49 -> #REF!
A50: Price ($/kwh) | B50: =+'WF01-Real'!H50 -> #REF! | C50: ='WF01-Real'!I50 -> #REF! | D50: ='WF01-Real'!J50 -> #REF! | E50: =E51/E49 -> #REF! | F50: =((E50/B50)-1)*100 -> #REF! | H50: =+E50-C50 -> #REF! | I50: =+H50/C50 -> #REF! | K50: =C50-B50 -> #REF!
A51: Expenditures ($) | B51: =+'WF01-Real'!H51 -> #REF! | C51: ='WF01-Real'!I51 -> #REF! | D51: ='WF01-Real'!J51 -> #REF! | E51: =SUM(#REF!) -> #REF! | F51: =((E51/B51)-1)*100 -> #REF! | H51: =+E51-C51 -> #REF! | I51: =+H51/C51 -> #REF! | K51: =C51-B51 -> #REF! | L51: ='Expenditures(Cold) Real'!E51-'Expenditures (Warm) Real'!E51 -> #REF! | M51: =H51+K51 -> #REF!
A52: Propane | K52: =C52-B52 -> 0
A53: Northeast | K53: =C53-B53 -> 0
A54: Consumption (gallons) | B54: =+'WF01-Real'!H54 -> #REF! | C54: ='WF01-Real'!I54 -> #REF! | D54: ='WF01-Real'!J54 -> #REF! | E54: =SUM(#REF!) -> #REF! | F54: =((E54/B54)-1)*100 -> #REF! | H54: =+E54-C54 -> #REF! | I54: =+H54/C54 -> #REF! | J54: =+E54-B54 -> #REF! | K54: =C54-B54 -> #REF!
A55: Price * ($/gallon) | B55: =+'WF01-Real'!H55 -> 0 | C55: ='WF01-Real'!I55 -> 0 | D55: ='WF01-Real'!J55 -> #DIV/0! | E55: =E56/E54 -> #REF! | F55: =((E55/B55)-1)*100 -> #REF! | H55: =+E55-C55 -> #REF! | I55: =+H55/C55 -> #REF! | J55: =+E55-B55 -> #REF! | K55: =C55-B55 -> 0
A56: Expenditures ($) | B56: =+'WF01-Real'!H56 -> #REF! | C56: ='WF01-Real'!I56 -> #REF! | D56: ='WF01-Real'!J56 -> #REF! | E56: =SUM(#REF!) -> #REF! | F56: =((E56/B56)-1)*100 -> #REF! | H56: =+E56-C56 -> #REF! | I56: =+H56/C56 -> #REF! | J56: =+E56-B56 -> #REF! | K56: =C56-B56 -> #REF!
A57: Midwest | K57: =C57-B57 -> 0
A58: Consumption (gallons) | B58: =+'WF01-Real'!H58 -> #REF! | C58: ='WF01-Real'!I58 -> #REF! | D58: ='WF01-Real'!J58 -> #REF! | E58: =SUM(#REF!) -> #REF! | F58: =((E58/B58)-1)*100 -> #REF! | H58: =+E58-C58 -> #REF! | I58: =+H58/C58 -> #REF! | J58: =+E58-B58 -> #REF! | K58: =C58-B58 -> #REF!
A59: Price * ($/gallon) | B59: =+'WF01-Real'!H59 -> 0 | C59: ='WF01-Real'!I59 -> 0 | D59: ='WF01-Real'!J59 -> #DIV/0! | E59: =E60/E58 -> #REF! | F59: =((E59/B59)-1)*100 -> #REF! | H59: =+E59-C59 -> #REF! | I59: =+H59/C59 -> #REF! | J59: =+E59-B59 -> #REF! | K59: =C59-B59 -> 0
A60: Expenditures ($) | B60: =+'WF01-Real'!H60 -> #REF! | C60: ='WF01-Real'!I60 -> #REF! | D60: ='WF01-Real'!J60 -> #REF! | E60: =SUM(#REF!) -> #REF! | F60: =((E60/B60)-1)*100 -> #REF! | H60: =+E60-C60 -> #REF! | I60: =+H60/C60 -> #REF! | J60: =+E60-B60 -> #REF! | K60: =C60-B60 -> #REF!
A61: South | K61: =C61-B61 -> 0
A62: Consumption (gallons) | B62: =+'WF01-Real'!H62 -> #REF! | C62: ='WF01-Real'!I62 -> #REF! | D62: ='WF01-Real'!J62 -> #REF! | E62: =SUM(#REF!) -> #REF! | F62: =((E62/B62)-1)*100 -> #REF! | H62: =+E62-C62 -> #REF! | K62: =C62-B62 -> #REF!
A63: Price * ($/gallon) | B63: =+'WF01-Real'!H63 -> 0 | C63: ='WF01-Real'!I63 -> 0 | D63: ='WF01-Real'!J63 -> #DIV/0! | E63: =E64/E62 -> #REF! | F63: =((E63/B63)-1)*100 -> #REF! | K63: =C63-B63 -> 0
A64: Expenditures ($) | B64: =+'WF01-Real'!H64 -> #REF! | C64: ='WF01-Real'!I64 -> #REF! | D64: ='WF01-Real'!J64 -> #REF! | E64: =SUM(#REF!) -> #REF! | F64: =((E64/B64)-1)*100 -> #REF! | H64: =+E64-C64 -> #REF! | K64: =C64-B64 -> #REF!
A65: U.S. Average | K65: =C65-B65 -> 0
A66: Expenditures ($) | B66: =(B56*'WF01-Real'!H69+'Expenditures (Warm) Real'!B60*'WF01-Real'!H76+'Expenditures (Warm) Real'!B64*'WF01-Real'!H83)/('WF01-Real'!H69+'WF01-Real'!H76+'WF01-Real'!H83) -> #REF! | C66: =(C56*'WF01-Real'!I69+'Expenditures (Warm) Real'!C60*'WF01-Real'!I76+'Expenditures (Warm) Real'!C64*'WF01-Real'!I83)/('WF01-Real'!I69+'WF01-Real'!I76+'WF01-Real'!I83) -> #REF! | E66: =(E56*'WF01-Real'!I69+'Expenditures (Warm) Real'!E60*'WF01-Real'!I76+'Expenditures (Warm) Real'!E64*'WF01-Real'!I83)/('WF01-Real'!I69+'WF01-Real'!I76+'WF01-Real'!I83) -> #REF! | F66: =(E66-B66)/B66 -> #REF! | H66: =+E66-C66 -> #REF! | K66: =C66-B66 -> #REF! | L66: ='Expenditures(Cold) Real'!E66-'Expenditures (Warm) Real'!E66 -> #REF! | M66: =H66+K66 -> #REF!
A67: Note: Winter covers the period October 1 through March 31.
A68: * Prices include taxes
A69: ** thousand cubic feet
A70: *** kilowatthour
